 Dungeon Crawl Stone Soup version 0.21.1-1-g345015f (webtiles) character file.

732011 tidbits the Gnoll Aeon (level 27, 0/282 HPs)
             Began as a Gnoll Transmuter on Mar 25, 2018.
             Was the Champion of Cheibriados.
             Slain by a titan (32 damage)
             ... on level 14 of a ziggurat on Mar 26, 2018.
             The game lasted 07:20:53 (15602 turns).

tidbits the Gnoll Aeon (Gnoll Transmuter)          Turns: 15602, Time: 07:20:54

Health: 0/282      AC: 37    Str: 35    XL:     27
Magic:  14/45      EV: 33    Int: 50    God:    Cheibriados [******]
Gold:   1255       SH: 23    Dex: 29    Spells: 5/62 levels left

rFire    + + +     SeeInvis .   a - +9 broad axe (elec)
rCold    + . .     Gourm    .   D - +5 shield "Fuodaim" {Int+3}
rNeg     + . .     Faith    .   (armour currently unavailable)
rPois    ∞         Spirit   .   E - +2 helmet {Int+3}
rElec    +         Reflect  .   W - scarf {rC+ rF+}
rCorr    +         Harm     .   (gloves currently unavailable)
MR       +++..                  (boots currently unavailable)
Stlth    +++++++++.             k - amulet "Jerosu Hetan" {RegenMP rF+ Str+3 Stlth+}
HPRegen  0.57/turn              q - ring "Qeuvahue" {+Blink rPois Str+4 Int+4 Dex-5}
MPRegen  0.54/turn              H - ring "Gotas" {rCorr MR+}

@: statue-form, very slightly contaminated, very slow
A: distributed training, fangs 1, fire resistance 1, poison resistance, strong
nose
}: 6/15 runes: barnacled, slimy, silver, golden, abyssal, gossamer
a: End Transformation, Bend Time, Temporal Distortion, Slouch, Step From Time,
Renounce Religion, Evoke Blink


You were on level 14 of a ziggurat.
You worshipped Cheibriados.
Cheibriados was exalted by your worship.
You were very full.
You were a stone statue.
You visited 13 branches of the dungeon, and saw 55 of its levels.
You visited the Abyss 1 time.
You visited 2 ziggurats, and saw 28 of their levels (deepest: 14).
You also visited: Sewer and Bailey.

You collected 6439 gold pieces.
You spent 5184 gold pieces at shops.

Inventory:

Hand Weapons
 a - a +9 broad axe of electrocution (weapon)
   (You found it on level 5 of the Pits of Slime)
 b - a +5 eudemon blade of holy wrath
   (You took it off Mennas on level 3 of the Crypt)
 V - the +8 autumn katana {slice, Clar}
   (You found it on level 10 of a ziggurat)

   It inflicts extra damage upon your enemies.
   It protects you against confusion.
Missiles
 n - 5 throwing nets {!f}
 s - 11 javelins of returning (quivered)
 I - 271 arrows
Armour
 B - a +1 troll leather armour (melded)
 D - the +5 shield "Fuodaim" (worn) {Int+3}
   (You found it on level 5 of the Depths)

   It affects your intelligence (+3).
 E - a +2 helmet of intelligence (worn)
   (You found it on level 5 of the Pits of Slime)
 F - a +2 pair of boots of flying (melded)
   (You bought it in a shop on level 2 of the Orcish Mines)
 G - a +0 pair of gloves (melded)
 W - a scarf of resistance (worn)
   (You found it on level 10 of the Dungeon)
Magical Staves
 e - an uncursed staff of energy {!a}
   (You found it on level 3 of a ziggurat)
 w - an uncursed staff of wizardry {!a}
   (You found it on level 3 of the Tomb of the Ancients)
Jewellery
 k - the amulet "Jerosu Hetan" (around neck) {RegenMP rF+ Str+3 Stlth+}
   (You found it on level 8 of a ziggurat)

   [amulet of magic regeneration]

   It increases your magic regeneration.
   It affects your strength (+3).
   It protects you from fire.
   It makes you more stealthy.
 q - the ring "Qeuvahue" (left hand) {+Blink rPois Str+4 Int+4 Dex-5}
   (You found it on level 12 of a ziggurat)

   [ring of poison resistance]

   It affects your strength (+4).
   It affects your intelligence (+4).
   It affects your dexterity (-5).
   It protects you from poison.
   It lets you blink.
 H - the ring "Gotas" (right hand) {rCorr MR+}
   (You found it on level 5 of a ziggurat)

   [ring of resist corrosion]

   It affects your resistance to hostile enchantments.
 R - the amulet of Nulem {Regen+ MP+9 Str+6}
   (You found it on level 14 of a ziggurat)

   [amulet of regeneration]

   It affects your strength (+6).
   It affects your magic capacity (+9).
   It increases your rate of regeneration.
Wands
 d - a wand of digging (43)
 p - a wand of paralysis (68)
 x - a wand of clouds (6)
 S - a wand of iceblast (20)
 Y - a wand of acid (12)
Scrolls
 h - 5 scrolls of immolation
 i - 7 scrolls of identify
 l - 3 scrolls of amnesia
 m - 4 scrolls of fear
 r - 15 scrolls of remove curse
 u - 5 scrolls of holy word
 A - 2 scrolls of magic mapping
 K - 3 scrolls of fog
 L - 11 scrolls of teleportation
 N - 3 scrolls of blinking
Potions
 f - 2 potions of heal wounds
 g - 3 potions of magic
 o - 5 potions of invisibility
 t - 13 potions of curing
 v - a potion of cancellation
 C - a potion of brilliance
 J - 4 potions of resistance
 M - 2 potions of might
 P - 8 potions of mutation {!q}
 Q - 4 potions of flight
 T - 2 potions of ambrosia
Books
 z - a Necronomicon
   (You found it on level 11 of a ziggurat)

   Spells                             Type                      Level
   a - Haunt                          Necromancy/Summoning         7
   b - Borgnjor's Revivification      Necromancy                   8
   c - Death's Door                   Charms/Necromancy            8
   d - Infestation                    Necromancy                   8
   e - Necromutation                  Transmutation/Necromancy     8
 X - a book of Burglary
   (You found it on level 9 of a ziggurat)

   Spells                             Type                      Level
   a - Swiftness                      Charms/Air                   2
   b - Passwall                       Transmutation/Earth          2
   c - Passage of Golubria            Translocation                4
   d - Lee's Rapid Deconstruction     Earth                        5
   e - Darkness                       Hexes                        6
   f - Invisibility                   Hexes                        6
Miscellaneous
 j - a lightning rod (4/4)
 y - a lamp of fire
 O - 4 sacks of spiders
 U - 2 phantom mirrors
 Z - 4 boxes of beasts
Comestibles
 c - 33 rations


   Skills:
 + Level 18.1 Fighting
 + Level 17.9 Short Blades
 + Level 17.9 Long Blades
 + Level 17.9 Axes
 + Level 17.9 Maces & Flails
 + Level 17.9 Polearms
 + Level 17.9 Staves
 + Level 17.9 Slings
 + Level 17.9 Bows
 + Level 17.9 Crossbows
 + Level 17.9 Throwing
 + Level 17.9 Armour
 + Level 18.3 Dodging
 + Level 17.9 Stealth
 + Level 17.9 Shields
 + Level 18.7 Unarmed Combat
 + Level 18.4 Spellcasting
 + Level 15.4 Conjurations
 + Level 15.4 Hexes
 + Level 15.4 Charms
 + Level 15.4 Summonings
 + Level 15.4 Necromancy
 + Level 15.4 Translocations
 + Level 15.8 Transmutations
 + Level 15.4 Fire Magic
 + Level 15.4 Ice Magic
 + Level 15.4 Air Magic
 + Level 15.4 Earth Magic
 + Level 15.4 Poison Magic
 + Level 19.3 Invocations
 + Level 17.9 Evocations


You had 5 spell levels left.
You knew the following spells:

 Your Spells              Type           Power        Failure   Level  Hunger
b - Blink                 Tloc           N/A          0%          2    None
g - Passage of Golubria   Tloc           N/A          0%          4    None
k - Sticks to Snakes      Tmut           ########     0%          2    None
l - Lesser Beckoning      Tloc           ########..   0%          3    None
p - Passwall              Tmut/Erth      ########..   0%          2    None
s - Statue Form           Tmut/Erth      ########.    1%          6    None
v - Borgnjor's Vile Clut  Necr/Erth      ########..   1%          5    None
A - Apportation           Tloc           ######       0%          1    None
B - Controlled Blink      Tloc           N/A          4%          8    None
G - Ignition              Fire           ########..   4%          8    None
J - Aura of Abjuration    Summ           ########..   1%          5    None
L - Summon Lightning Spi  Summ/Air       ########     0%          4    None
R - Irradiate             Conj/Tmut      ########..   0%          5    None
Z - Sublimation of Blood  Necr           ########..   0%          2    None


Dungeon Overview and Level Annotations

Branches:
Dungeon (15/15)            Temple (1/1) D:5            Lair (6/6) D:9
 Shoals (4/4) Lair:4       Spider (4/4) Lair:4        Slime (5/5) Lair:6
    Orc (2/2) D:11            Elf (0/3) Orc:2        Vaults (5/5) D:13
  Crypt (3/3) Vaults:3       Tomb (3/3) Crypt:3      Depths (5/5) D:15
   Hell (1/1)                 Tar (1/7) Hell
    Dis: Hell:1         Geh: Hell:1         Coc: Hell:1         Zot: Depths:5

Altars:
Ashenzari
Cheibriados
Dithmenos
Elyvilon
Fedhas
Gozag
Kikubaaqudgha
Makhleb
Okawaru
Qazlal
Ru
Sif Muna
Trog
Uskayaw
Vehumet
Wu Jian
Xom
Yredelemnul
Zin
The Shining One
Beogh
Jiyva

Shops:
D:10 :   D:11 }   Orc:2 [(%}   Vaults:2 (

Portals:
Hell: Depths:3 Depths:4
Abyss: Depths:4
Pandemonium: Depths:5


Innate Abilities, Weirdness & Mutations

Your experience applies equally to all skills.
You have very sharp teeth.
Your uncanny sense of smell can sniff out nearby items.
Your flesh is heat resistant. (rF+)
Your system is resistant to poisons. (rPois)


Message History

You destroy the electric golem!
Cheibriados thoroughly appreciates the change of pace.
You kill the titan!
Cheibriados appreciates the change of pace.
You kill the raiju!
Cheibriados thoroughly appreciates the change of pace.
You kill the storm dragon!
Cheibriados thoroughly appreciates the change of pace.
You destroy the electric golem!
Cheibriados thoroughly appreciates the change of pace.
You destroy the electric golem!
Cheibriados thoroughly appreciates the change of pace.
You destroy the air elemental!
Cheibriados thoroughly appreciates the change of pace.
You feel somewhat less full.
The electric golem blinks!
The electric golem crackles and sizzles.
The electric golem blinks!
The electric golem hurls lightning at you.
The bolt of lightning misses you. The bolt of lightning hits you! You resist.
* * * LOW HITPOINT WARNING * * *
A titan comes into view.
You feel much better.
The electric golem crackles and sizzles.
The electric golem hurls lightning at you.
The bolt of lightning hits you! You resist.
* * * LOW HITPOINT WARNING * * *
The bolt of lightning misses you.
The titan waves its arms in wide circles.
The air twists around and strikes you!
The electric golem hurls lightning at you.
The bolt of lightning hits you! You resist.
* * * LOW HITPOINT WARNING * * *
The bolt of lightning misses you.
Unknown command.
As you read the scroll of fog, it crumbles to dust.
The scroll dissolves into smoke.
You block the electric golem's attack. x3
The electric golem misses you.
The titan casts a spell.
The titan is healed somewhat.
The electric golem completely misses you.
The electric golem hits you but does no damage.
The electric golem barely misses you.
The electric golem completely misses you.
The titan shouts!
Unknown command.
You miss the electric golem. Your bite misses the electric golem.
The electric golem is severely damaged.
You slice the electric golem!!
The electric golem hurls lightning at you.
The bolt of lightning misses you. x2
The bolt of lightning misses the electric golem.
The electric golem barely misses you. You block the electric golem's attack.
The electric golem completely misses you.
The electric golem hits you but does no damage.
You block the electric golem's attack. The electric golem misses you.
The electric golem barely misses you.
The electric golem completely misses you.
Unknown command.
Casting: Ignition
Confirm with . or Enter, or press ? or * to list all spells.
Aiming: Borgnjor's Vile Clutch
Press: ? - help, Dir - move target cursor Decaying hands burst forth from the earth!
Zombie hands grab the titan.
The electric golem is unaffected.
Zombie hands grab the titan.
The zombie hands constrict the titan!! x2
You block the electric golem's attack. x4; The electric golem misses you.
The electric golem hits you but does no damage.
The electric golem completely misses you.
The electric golem hits you but does no damage. x2
The electric golem completely misses you.
You block the electric golem's attack.
The electric golem hits you but does no damage.
The electric golem crackles and sizzles.
The electric golem hits you.
* * * LOW HITPOINT WARNING * * *
The electric golem shocks you. You resist.
* * * LOW HITPOINT WARNING * * *
The electric golem barely misses you.
The electric golem hits you but does no damage.
The electric golem hits you!
* * * LOW HITPOINT WARNING * * *
The titan struggles to escape constriction.
The titan closely misses you.
The electric golem completely misses you. x2
You block the electric golem's attack.
The electric golem completely misses you.
Unknown command.
You feel much better.
The zombie hands constrict the titan!! x2
The electric golem completely misses you.
You block the electric golem's attack. x3
The electric golem hurls lightning at you.
The bolt of lightning hits you! You resist.
* * * LOW HITPOINT WARNING * * *
The titan struggles to escape constriction.
The electric golem misses you. You block the electric golem's attack.
The electric golem hits you but does no damage.
The electric golem misses you. The titan hits you!!
You die...

▓▓▓▓▓▓▓▓▓
........▓▓
......88.▓▓
......88.†▓▓
...[..8§§..▓▓
...†C.§8§†..▓▓
.....†C8§....▓▓
........§...∩.▓
.............▓▓
............▓▓
...........▓▓
......88..▓▓
......88.▓▓
........▓▓


You could see 2 electric golems and 2 titans.

Vanquished Creatures
  the Royal Jelly (Slime:5)
  An ancient lich (Zig:7)
  Mennas (Crypt:3)
  26 greater mummies
  A shard shrike (Zig:2)
  Bai Suzhen (Shoals:4)
  A Killer Klown (Zig:8)
  6 caustic shrikes
  A golden dragon (Depths:4)
  2 profane servitors
  Geryon (Hell)
  5 pandemonium lords
  Arachne (Spider:2)
  5 Tzitzimimeh
  6 bone dragons
  2 iron giants
  Jorgrun (Tomb:2)
  3 electric golems (Zig:14)
  3 doom hounds (Tar:1)
  3 Hell Sentinels
  An Ice Fiend (Zig:10)
  5 tentacled monstrosities (Vaults:5)
  6 liches
  2 quicksilver dragons (Vaults:5)
  6 titans
  4 large abominations
  23 acid blobs
  9 sphinxes
  A kraken (Shoals:4)
  A deep elf master archer (Zig:12)
  A tentacled starspawn (Abyss:4)
  10 ancient champions
  8 revenants
  8 azure jellies
  2 thorn hunters (Zig:5)
  9 tengu reavers
  Ilsuiw (Shoals:4)
  3 blood saints
  5 storm dragons
  Roxanne (D:14)
  7 shadow dragons
  4 balrugs
  5 black suns
  2 ghost moths (Spider:4)
  4 frost giants
  4 fire giants (Vaults:5)
  2 caustic shrike zombies
  2 deep elf sorcerers (Vaults:5)
  A spectral caustic shrike (Zig:13)
  3 curse skulls
  A deep elf elementalist (Depths:3)
  7 emperor scorpions (Spider:4)
  2 orc warlords
  11 vault wardens
  8 ghouls
  9 ironheart preservers
  4 iron dragons
  4 war gargoyles
  12 reapers
  An entropy weaver (Zig:11)
  A deep elf demonologist (Zig:9)
  6 bennus
  17 very ugly things
  13 stone giants
  5 vampire knights
  3 lorocyprocas
  5 deep elf annihilators
  9 spark wasps
  6 death oozes (Slime:5)
  6 ettins
  2 quicksilver dragon zombies
  3 blizzard demons
  3 deep elf death magi
  A green death (Zig:7)
  3 merfolk impalers
  6 jiangshi
  8 eidola
  28 mummy priests
  16 merfolk javelineers
  15 yaktaur captains
  3 fire dragons
  A deep elf high priest (Zig:9)
  6 great orbs of eyes
  A spectral tengu (Zig:13)
  The ghost of buskinjo the Unseen, a journeyman SpEn of Dithmenos (Shoals:4)
  5 ice dragons
  2 catoblepae
  A hydra (shapeshifter) (Zig:8)
  A naga warrior (Zig:4)
  32 vault guards
  3 merfolk aquamancers
  4 hydras
  8 death knights
  4 merfolk avatars
  3 centaur warriors
  An alligator snapping turtle (Shoals:4)
  6 dancing weapons
  5 ogre magi
  20 two-headed ogres
  A spectral fire giant (Zig:13)
  4 death yaks (Lair:6)
  7 satyrs
  47 death scarabs
  2 alligators
  A titan zombie (Crypt:3)
  An orc high priest (Orc:2)
  8 vampire magi
  6 thrashing horrors
  A spriggan berserker (Depths:5)
  4 iron golems
  2 naga sharpshooters (Zig:12)
  10 soul eaters
  3 shock serpents (Zig:14)
  5 deep elf knights
  10 hell knights
  A fire crab (shapeshifter) (Vaults:5)
  7 sun demons
  A fire crab (Shoals:1)
  5 wretched stars
  2 sixfirhies
  19 skeletal warriors
  10 shadow wraiths
  3 glowing orange brains
  4 golden dragon zombies
  2 wizards
  An obsidian statue (Zig:7)
  A sea snake (shapeshifter) (Zig:8)
  2 shadow demons (Tar:1)
  10 sea snakes
  2 deep trolls (Vaults:5)
  An unseen horror (D:11)
  A spriggan druid (Zig:3)
  2 swamp dragons
  A shadow dragon zombie (Zig:14)
  A deep elf archer (Zig:9)
  3 anaconda zombies (Crypt:3)
  9 flayed ghosts
  9 ironbrand convokers
  17 harpies
  2 human zombies
  7 necromancers
  A lindwurm (Lair:6)
  27 phantasmal warriors
  9 orc knights
  7 deep elf magi
  2 golden dragon skeletons
  5 fire giant zombies
  3 orc sorcerers
  6 oklob plants (Zig:14)
  2 shining eyes
  3 iron dragon zombies
  10 wolf spiders
  8 orb spiders
  A wolf spider zombie (Tomb:2)
  6 stone giant zombies
  The ghost of Razmath the Ducker, a novice DsAs of Makhleb (D:6)
  7 cyclopes
  3 frost giant zombies
  A glowing shapeshifter (Zig:7)
  9 manticores
  2 shining eyes (shapeshifter)
  A salamander (Depths:4)
  9 fauns
  14 ugly things
  2 moths of wrath
  11 merfolk sirens
  2 stone giant skeletons
  3 centaur zombies
  3 guardian serpents (Zig:4)
  A human skeleton (Vaults:2)
  3 apocalypse crabs
  A molten gargoyle (Lair:6)
  11 rust devils
  2 elf zombies (Zig:14)
  6 black mambas
  Joseph (D:9)
  An elephant (shapeshifter) (Depths:3)
  A shock serpent zombie (Tomb:1)
  A water nymph (shapeshifter) (Vaults:5)
  6 water nymphs
  A naga mage (Zig:4)
  5 smoke demons
  2 frost giant skeletons
  2 eyes of devastation
  6 vault sentinels
  An orange demon (Zig:7)
  7 gargoyles
  A dire elephant skeleton (Tomb:1)
  5 spiny frogs
  8 komodo dragons
  2 torpor snails
  5 hellions
  An emperor scorpion zombie (Crypt:1)
  8 freezing wraiths
  8 demonic crawlers
  2 ancient zymes
  26 yaktaurs
  An ice devil (Hell)
  9 tormentors
  An efreet (D:11)
  6 trolls
  23 merfolk
  5 red devils
  46 guardian mummies
  8 meliai
  A queen bee (Abyss:4)
  21 jumping spiders
  38 slime creatures
  9 wind drakes
  Grinder (D:3)
  A moth of wrath zombie (Crypt:2)
  A hornet (shapeshifter) (Vaults:4)
  9 hornets
  A polar bear (shapeshifter) (Depths:3)
  8 snapping turtles
  A sphinx simulacrum (Vaults:1)
  9 blink frogs
  5 hippogriffs
  An alligator zombie (Crypt:2)
  2 bog bodies
  11 dream sheep
  2 ice dragon zombies
  8 raiju
  15 flying skulls
  2 hydra skeletons
  2 ettin zombies
  4 fire dragon zombies
  2 hippogriffs (shapeshifter)
  5 air elementals (Zig:14)
  A redback (shapeshifter) (Zig:8)
  13 ushabtiu
  A fire dragon skeleton (Crypt:1)
  4 shadows
  44 redbacks
  18 water elementals
  An ice dragon skeleton (Zig:3)
  2 ettin skeletons
  A tarantella (shapeshifter) (Vaults:4)
  7 wraiths
  4 wyverns
  9 yaks
  25 tarantellas
  A ynoxinul (Tomb:2)
  6 fire elementals (D:12)
  2 fire bats (Shoals:1)
  6 golden eyes
  A human (shapeshifter) (Vaults:1)
  4 basilisks
  A vampire (D:15)
  6 vampire mosquitoes
  A hungry ghost (Tar:1)
  Grum (D:9)
  2 chaos spawn
  A harpy simulacrum (Crypt:2)
  5 wargs
  A swamp worm (shapeshifter) (Zig:7)
  3 deep troll zombies
  A merfolk zombie (Crypt:3)
  2 nagas (Zig:4)
  14 hell hounds
  A spiny frog zombie (Hell)
  6 water moccasins
  2 porcupines
  A swamp drake (Zig:3)
  A spiny frog skeleton (Crypt:2)
  2 black bears
  46 orc warriors
  2 ice beasts
  10 necrophages
  4 starcursed masses (Abyss:4)
  4 sky beasts
  17 ogres
  3 eyes of draining
  A manticore zombie (Crypt:3)
  12 wolves
  A snapping turtle zombie (Crypt:3)
  10 centaurs
  8 crocodiles
  A gnoll sergeant (D:5)
  3 small abominations
  6 bullfrogs
  A wyvern zombie (D:10)
  An earth elemental (Zig:11)
  6 wyvern skeletons (Crypt:3)
  12 scorpions
  15 killer bees
  2 electric eels (D:9)
  10 wights
  2 howler monkeys (D:7)
  A bullfrog zombie (D:9)
  7 crimson imps
  3 lava snakes (Lair:6)
  A human simulacrum (Vaults:1)
  A quasit (Abyss:4)
  18 orc priests
  3 centaur skeletons
  4 hounds
  5 jellies
  33 orc wizards
  2 bullfrog skeletons
  6 iron imps
  3 iguanas
  15 worker ants
  5 hell rats (Hell)
  A porcupine zombie (Crypt:2)
  A felid skeleton (Crypt:1)
  57 mummies
  A howler monkey zombie (D:9)
  A worker ant zombie (D:5)
  11 gnolls
  10 adders
  7 river rats (Sewer)
  4 shadow imps
  A white imp (Zig:2)
  5 oozes (D:8)
  4 worms
  A dart slug (D:2)
  6 leopard geckos
  93 orcs
  A ball python (shapeshifter) (Vaults:5)
  A bat skeleton (Crypt:2)
  8 giant cockroaches
  4 goblins
  3 hobgoblins
  6 jackals
  4 quokkas
  5 ball pythons
  4 bats
  4 frilled lizards
  A giant cockroach zombie (D:6)
  29 kobolds
  11 rats
  A bush (Lair:6)
  4 plants
  A starspawn tentacle (Abyss:4)
  2 withered plants (D:15)
2085 creatures vanquished.

Vanquished Creatures (collateral kills)
  A lich (Tomb:1)
  A vault warden (Vaults:5)
  A very ugly thing (Vaults:4)
  A deep elf annihilator (Vaults:5)
  Azrael (D:12)
  A merfolk impaler (Shoals:4)
  A deep elf high priest (Vaults:5)
  A fire dragon (Vaults:4)
  A merfolk aquamancer (Shoals:4)
  2 ogre magi (Vaults:4)
  A sea snake (Shoals:4)
  A skeletal warrior (Tomb:3)
  A deep elf archer (Vaults:1)
  An ironbrand convoker (Vaults:5)
  A harpy (Vaults:4)
  A faun (Shoals:3)
  An orc knight (Vaults:3)
  2 wolf spiders
  9 orb spiders
  2 cyclopes (Shoals:4)
  An ugly thing (Vaults:4)
  A deep elf mage (Vaults:4)
  A shining eye (Zig:2)
  A vault sentinel (Vaults:3)
  3 merfolk sirens
  An eye of devastation (Zig:2)
  6 guardian mummies (Tomb:3)
  A troll (D:9)
  5 jumping spiders
  8 merfolk
  2 hornets
  2 dream sheep (Shoals:3)
  6 slime creatures
  8 redbacks
  3 tarantellas
  A wraith (D:13)
  2 ushabtiu (Tomb:3)
  A golden eye (Zig:2)
  3 orc warriors
  6 scorpions
  A killer bee (D:13)
  A howler monkey (D:7)
  A wight (D:13)
  A crimson imp (D:13)
  An orc priest (Orc:2)
  2 hounds
  An orc wizard (Orc:1)
  A hound zombie (D:8)
  A mummy (Tomb:3)
  An adder (Sewer)
  2 river rats (Sewer)
  A shadow imp (D:3)
  16 orcs
  A ball python (Sewer)
  2 kobolds (Bailey)
  4 rats (Sewer)
130 creatures vanquished.

Vanquished Creatures (others)
  An ancient champion (Tomb:2)
  A tengu reaver (Vaults:5)
  A storm dragon (Zig:14)
  A fire giant (Depths:4)
  A deep elf death mage (Crypt:2)
  2 death scarabs (Tomb:3)
  A necromancer (Crypt:2)
  A faun (Zig:12)
  An eye of draining (D:11)
  A scorpion (Spider:3)
  A hell rat (Hell)
  A ball lightning (Tomb:2)
  4 fungi
  10 plants
  A starspawn tentacle (Abyss:4)
  4 withered plants (Crypt:3)
32 creatures vanquished.

Grand Total: 2247 creatures vanquished

Notes
Turn   | Place    | Note
-------+----------+-------------------------------------------
     0 | D:1      | tidbits the Gnoll Transmuter began the quest for the Orb.
     0 | D:1      | Reached XP level 1. HP: 17/17 MP: 6/6
   210 | D:2      | Reached XP level 2. HP: 23/23 MP: 5/7
   214 | D:2      | Learned a level 2 spell: Sticks to Snakes
   283 | D:3      | Reached XP level 3. HP: 27/28 MP: 3/9
   288 | D:3      | Learned a level 3 spell: Spider Form
   304 | D:2      | Reached skill level 5 in Spellcasting
   364 | D:3      | Noticed Grinder
   383 | D:3      | Killed Grinder
   383 | D:3      | Reached skill level 3 in Fighting
   383 | D:3      | Reached skill level 1 in Short Blades
   383 | D:3      | Reached skill level 1 in Long Blades
   383 | D:3      | Reached skill level 1 in Axes
   383 | D:3      | Reached skill level 1 in Maces & Flails
   383 | D:3      | Reached skill level 1 in Polearms
   383 | D:3      | Reached skill level 1 in Staves
   383 | D:3      | Reached skill level 1 in Slings
   383 | D:3      | Reached skill level 1 in Bows
   383 | D:3      | Reached skill level 1 in Crossbows
   383 | D:3      | Reached skill level 1 in Throwing
   383 | D:3      | Reached skill level 1 in Armour
   383 | D:3      | Reached skill level 1 in Stealth
   383 | D:3      | Reached skill level 1 in Shields
   383 | D:3      | Reached skill level 1 in Conjurations
   383 | D:3      | Reached skill level 1 in Hexes
   383 | D:3      | Reached skill level 1 in Charms
   383 | D:3      | Reached skill level 1 in Summonings
   383 | D:3      | Reached skill level 1 in Necromancy
   383 | D:3      | Reached skill level 1 in Translocations
   383 | D:3      | Reached skill level 4 in Transmutations
   383 | D:3      | Reached skill level 1 in Fire Magic
   383 | D:3      | Reached skill level 1 in Ice Magic
   383 | D:3      | Reached skill level 1 in Air Magic
   383 | D:3      | Reached skill level 1 in Earth Magic
   383 | D:3      | Reached skill level 1 in Poison Magic
   383 | D:3      | Reached skill level 1 in Invocations
   383 | D:3      | Reached skill level 1 in Evocations
   383 | D:3      | Reached XP level 4. HP: 24/35 MP: 1/11
   383 | D:3      | Reached XP level 5. HP: 28/41 MP: 1/12
   389 | D:3      | Learned a level 4 spell: Ice Form
   439 | D:3      | Reached skill level 2 in Invocations
   439 | D:3      | Reached XP level 6. HP: 33/47 MP: 2/13
   446 | D:3      | Reached skill level 5 in Dodging
   499 | D:3      | Reached skill level 2 in Short Blades
   499 | D:3      | Reached skill level 2 in Long Blades
   499 | D:3      | Reached skill level 2 in Axes
   499 | D:3      | Reached skill level 2 in Maces & Flails
   499 | D:3      | Reached skill level 2 in Polearms
   499 | D:3      | Reached skill level 2 in Staves
   499 | D:3      | Reached skill level 2 in Slings
   499 | D:3      | Reached skill level 2 in Bows
   499 | D:3      | Reached skill level 2 in Crossbows
   499 | D:3      | Reached skill level 2 in Throwing
   499 | D:3      | Reached skill level 2 in Armour
   499 | D:3      | Reached skill level 2 in Stealth
   499 | D:3      | Reached skill level 2 in Shields
   499 | D:3      | Reached skill level 2 in Evocations
   755 | D:5      | Entered Level 5 of the Dungeon
   826 | D:5      | Reached XP level 7. HP: 50/52 MP: 11/15
   984 | D:5      | Reached skill level 7 in Unarmed Combat
   995 | D:5      | Reached skill level 2 in Conjurations
   995 | D:5      | Reached skill level 2 in Hexes
   995 | D:5      | Reached skill level 2 in Charms
   995 | D:5      | Reached skill level 2 in Summonings
   995 | D:5      | Reached skill level 2 in Necromancy
   995 | D:5      | Reached skill level 2 in Translocations
   995 | D:5      | Reached skill level 2 in Fire Magic
   995 | D:5      | Reached skill level 2 in Ice Magic
   995 | D:5      | Reached skill level 2 in Air Magic
   995 | D:5      | Reached skill level 2 in Earth Magic
   995 | D:5      | Reached skill level 2 in Poison Magic
  1039 | D:4      | Got a translucent flail
  1118 | D:5      | Found a staircase to the Ecumenical Temple.
  1131 | Temple   | Entered the Ecumenical Temple
  1200 | Temple   | Identified the +2 flail of the Penguin {crush, Int+2} (You found it on level 4 of the Dungeon)
  1286 | D:6      | Found a burning altar of Makhleb.
  1304 | D:6      | Noticed Razmath's ghost (novice DsAs)
  1318 | D:6      | Killed Razmath's ghost
  1318 | D:6      | Reached skill level 4 in Fighting
  1318 | D:6      | Reached skill level 3 in Short Blades
  1318 | D:6      | Reached skill level 3 in Long Blades
  1318 | D:6      | Reached skill level 3 in Axes
  1318 | D:6      | Reached skill level 3 in Maces & Flails
  1318 | D:6      | Reached skill level 3 in Polearms
  1318 | D:6      | Reached skill level 3 in Staves
  1318 | D:6      | Reached skill level 3 in Slings
  1318 | D:6      | Reached skill level 3 in Bows
  1318 | D:6      | Reached skill level 3 in Crossbows
  1318 | D:6      | Reached skill level 3 in Throwing
  1318 | D:6      | Reached skill level 3 in Armour
  1318 | D:6      | Reached skill level 3 in Stealth
  1318 | D:6      | Reached skill level 3 in Shields
  1318 | D:6      | Reached skill level 3 in Invocations
  1318 | D:6      | Reached skill level 3 in Evocations
  1318 | D:6      | Reached XP level 8. HP: 60/60 MP: 4/16
  1351 | D:6      | Reached skill level 6 in Spellcasting
  1395 | D:7      | Identified a scroll of acquirement
  1404 | D:7      | Noticed a hippogriff
  1562 | D:7      | Noticed a hippogriff
  1572 | D:6      | Found a glowing drain.
  1593 | Sewer    | Entered a sewer
  2335 | D:7      | Reached skill level 3 in Conjurations
  2335 | D:7      | Reached skill level 3 in Hexes
  2335 | D:7      | Reached skill level 3 in Charms
  2335 | D:7      | Reached skill level 3 in Summonings
  2335 | D:7      | Reached skill level 3 in Necromancy
  2335 | D:7      | Reached skill level 3 in Translocations
  2335 | D:7      | Reached skill level 3 in Fire Magic
  2335 | D:7      | Reached skill level 3 in Ice Magic
  2335 | D:7      | Reached skill level 3 in Air Magic
  2335 | D:7      | Reached skill level 3 in Earth Magic
  2335 | D:7      | Reached skill level 3 in Poison Magic
  2335 | D:7      | Reached skill level 4 in Invocations
  2343 | D:7      | Killed a hippogriff
  2343 | D:7      | Reached skill level 6 in Dodging
  2343 | D:7      | Reached skill level 5 in Transmutations
  2343 | D:7      | Reached XP level 9. HP: 45/66 MP: 14/18
  2347 | D:7      | Found a deep blue altar of Sif Muna.
  2412 | D:7      | Reached skill level 4 in Short Blades
  2412 | D:7      | Reached skill level 4 in Long Blades
  2412 | D:7      | Reached skill level 4 in Axes
  2412 | D:7      | Reached skill level 4 in Maces & Flails
  2412 | D:7      | Reached skill level 4 in Polearms
  2412 | D:7      | Reached skill level 4 in Staves
  2412 | D:7      | Reached skill level 4 in Slings
  2412 | D:7      | Reached skill level 4 in Bows
  2412 | D:7      | Reached skill level 4 in Crossbows
  2412 | D:7      | Reached skill level 4 in Throwing
  2412 | D:7      | Reached skill level 4 in Armour
  2412 | D:7      | Reached skill level 4 in Stealth
  2412 | D:7      | Reached skill level 4 in Shields
  2412 | D:7      | Reached skill level 4 in Evocations
  2567 | D:8      | Reached skill level 5 in Fighting
  2696 | D:9      | Noticed a troll
  2758 | D:7      | Found a snail-covered altar of Cheibriados.
  2763 | D:7      | Reached skill level 8 in Unarmed Combat
  2770 | D:7      | Became a worshipper of Cheibriados the Contemplative
  2799 | D:9      | Noticed Grum
  2804 | D:8      | Killed a troll
  2804 | D:8      | Reached skill level 5 in Invocations
  2829 | D:8      | Learned a level 3 spell: Confuse
  2835 | D:8      | Learned a level 5 spell: Blade Hands
  2849 | D:8      | Found a stormy altar of Qazlal.
  2870 | D:8      | Noticed a two-headed ogre
  2872 | D:8      | Killed a two-headed ogre
  2872 | D:8      | Reached skill level 7 in Spellcasting
  2872 | D:8      | Reached skill level 4 in Conjurations
  2872 | D:8      | Reached skill level 4 in Hexes
  2872 | D:8      | Reached skill level 4 in Charms
  2872 | D:8      | Reached skill level 4 in Summonings
  2872 | D:8      | Reached skill level 4 in Necromancy
  2872 | D:8      | Reached skill level 4 in Translocations
  2872 | D:8      | Reached skill level 4 in Fire Magic
  2872 | D:8      | Reached skill level 4 in Ice Magic
  2872 | D:8      | Reached skill level 4 in Air Magic
  2872 | D:8      | Reached skill level 4 in Earth Magic
  2872 | D:8      | Reached skill level 4 in Poison Magic
  2872 | D:8      | Reached XP level 10. HP: 75/75 MP: 20/20
  3002 | D:9      | Killed Grum
  3002 | D:9      | Reached skill level 5 in Short Blades
  3002 | D:9      | Reached skill level 5 in Long Blades
  3002 | D:9      | Reached skill level 5 in Axes
  3002 | D:9      | Reached skill level 5 in Maces & Flails
  3002 | D:9      | Reached skill level 5 in Polearms
  3002 | D:9      | Reached skill level 5 in Staves
  3002 | D:9      | Reached skill level 5 in Slings
  3002 | D:9      | Reached skill level 5 in Bows
  3002 | D:9      | Reached skill level 5 in Crossbows
  3002 | D:9      | Reached skill level 5 in Throwing
  3002 | D:9      | Reached skill level 5 in Armour
  3002 | D:9      | Reached skill level 5 in Stealth
  3002 | D:9      | Reached skill level 5 in Shields
  3002 | D:9      | Reached skill level 5 in Evocations
  3064 | D:8      | Reached * piety under Cheibriados
  3098 | D:10     | Entered Level 10 of the Dungeon
  3244 | D:11     | Reached skill level 7 in Dodging
  3266 | D:11     | Found a staircase to the Orcish Mines.
  3514 | D:11     | Noticed a brown ugly thing
  3529 | D:11     | Killed a brown ugly thing
  3529 | D:11     | Reached skill level 6 in Fighting
  3580 | D:11     | Reached ** piety under Cheibriados
  3616 | D:12     | Reached skill level 6 in Transmutations
  3616 | D:12     | Reached skill level 6 in Invocations
  3633 | D:12     | Noticed an eight-headed hydra
  3687 | D:11     | Found a basalt altar of Yredelemnul.
  3728 | D:11     | Learned a level 3 spell: Mephitic Cloud
  3763 | D:11     | Reached XP level 11. HP: 50/81 MP: 7/22
  3780 | D:11     | Killed an unseen horror
  3836 | D:11     | Found Tasuil's Gadget Shoppe.
  3966 | D:11     | Bought a wand of iceblast (14) for 306 gold pieces
  4004 | Orc:1    | Entered Level 1 of the Orcish Mines
  4008 | Orc:1    | Noticed an orc sorcerer
  4010 | Orc:1    | Killed an orc sorcerer
  4010 | Orc:1    | Reached skill level 6 in Short Blades
  4010 | Orc:1    | Reached skill level 6 in Long Blades
  4010 | Orc:1    | Reached skill level 6 in Axes
  4010 | Orc:1    | Reached skill level 6 in Maces & Flails
  4010 | Orc:1    | Reached skill level 6 in Polearms
  4010 | Orc:1    | Reached skill level 6 in Staves
  4010 | Orc:1    | Reached skill level 6 in Slings
  4010 | Orc:1    | Reached skill level 6 in Bows
  4010 | Orc:1    | Reached skill level 6 in Crossbows
  4010 | Orc:1    | Reached skill level 6 in Throwing
  4010 | Orc:1    | Reached skill level 6 in Armour
  4010 | Orc:1    | Reached skill level 6 in Stealth
  4010 | Orc:1    | Reached skill level 6 in Shields
  4010 | Orc:1    | Reached skill level 9 in Unarmed Combat
  4010 | Orc:1    | Reached skill level 6 in Evocations
  4015 | Orc:1    | Reached *** piety under Cheibriados
  4015 | Orc:1    | Reached skill level 5 in Conjurations
  4015 | Orc:1    | Reached skill level 5 in Hexes
  4015 | Orc:1    | Reached skill level 5 in Charms
  4015 | Orc:1    | Reached skill level 5 in Summonings
  4015 | Orc:1    | Reached skill level 5 in Necromancy
  4015 | Orc:1    | Reached skill level 5 in Translocations
  4015 | Orc:1    | Reached skill level 5 in Fire Magic
  4015 | Orc:1    | Reached skill level 5 in Ice Magic
  4015 | Orc:1    | Reached skill level 5 in Air Magic
  4015 | Orc:1    | Reached skill level 5 in Earth Magic
  4015 | Orc:1    | Reached skill level 5 in Poison Magic
  4043 | Orc:1    | Found a roughly hewn altar of Beogh.
  4154 | Orc:1    | Reached skill level 8 in Spellcasting
  4166 | Orc:2    | Entered Level 2 of the Orcish Mines
  4289 | Orc:2    | Found a staircase to the Elven Halls.
  4375 | Orc:1    | Found a flagged portal.
  4383 | Bailey   | Entered a bailey
  4387 | Bailey   | Learned a level 2 spell: Blink
  4391 | Bailey   | Noticed an orc warlord
  4408 | Bailey   | Reached **** piety under Cheibriados
  4490 | Bailey   | Gained mutation: Your flesh is heat resistant. (rF+) [potion of mutation]
  4490 | Bailey   | Gained mutation: Your system is resistant to poisons. (rPois) [potion of mutation]
  4511 | Bailey   | Found a runed gate.
  4513 | Bailey   | Found a runed gate.
  4515 | Bailey   | Found a runed gate.
  4529 | Bailey   | Killed an orc warlord
  4529 | Bailey   | Reached skill level 7 in Invocations
  4530 | Bailey   | Noticed an orc knight
  4541 | Bailey   | Killed an orc knight
  4541 | Bailey   | Reached skill level 7 in Fighting
  4541 | Bailey   | Reached skill level 8 in Dodging
  4720 | Orc:2    | Found a roughly hewn altar of Beogh.
  4779 | Orc:2    | Noticed a cyclops
  4786 | Orc:2    | Reached ***** piety under Cheibriados
  4795 | Orc:2    | Killed a cyclops
  4832 | Orc:2    | Found a roughly hewn altar of Beogh.
  4845 | Orc:2    | Found Xaorullu's Gadget Boutique.
  4853 | Orc:2    | Bought a wand of iceblast (11) for 225 gold pieces
  4853 | Orc:2    | Bought a wand of paralysis (17) for 285 gold pieces
  4853 | Orc:2    | Bought a wand of digging (7) for 330 gold pieces
  4853 | Orc:2    | Bought a wand of clouds (6) for 450 gold pieces
  4880 | Orc:2    | Found a roughly hewn altar of Beogh.
  4919 | Orc:2    | Found a roughly hewn altar of Beogh.
  4937 | Orc:2    | Found a roughly hewn altar of Beogh.
  4947 | Orc:2    | Found Raesemn's Food Boutique.
  4965 | Orc:2    | Reached XP level 12. HP: 81/91 MP: 15/24
  5073 | Orc:2    | Noticed an orc warlord
  5077 | Orc:2    | Reached skill level 7 in Transmutations
  5079 | Orc:2    | Noticed an orc high priest
  5079 | Orc:2    | Reached ****** piety under Cheibriados
  5083 | Orc:2    | Killed an orc warlord
  5083 | Orc:2    | Reached skill level 7 in Short Blades
  5083 | Orc:2    | Reached skill level 7 in Long Blades
  5083 | Orc:2    | Reached skill level 7 in Axes
  5083 | Orc:2    | Reached skill level 7 in Maces & Flails
  5083 | Orc:2    | Reached skill level 7 in Polearms
  5083 | Orc:2    | Reached skill level 7 in Staves
  5083 | Orc:2    | Reached skill level 7 in Slings
  5083 | Orc:2    | Reached skill level 7 in Bows
  5083 | Orc:2    | Reached skill level 7 in Crossbows
  5083 | Orc:2    | Reached skill level 7 in Throwing
  5083 | Orc:2    | Reached skill level 7 in Armour
  5083 | Orc:2    | Reached skill level 7 in Stealth
  5083 | Orc:2    | Reached skill level 7 in Shields
  5083 | Orc:2    | Reached skill level 7 in Evocations
  5083 | Orc:2    | Paralysed by an orc sorcerer for 5 turns
  5089 | Orc:2    | Killed an orc high priest
  5096 | Orc:2    | Reached skill level 6 in Conjurations
  5096 | Orc:2    | Reached skill level 6 in Hexes
  5096 | Orc:2    | Reached skill level 6 in Charms
  5096 | Orc:2    | Reached skill level 6 in Summonings
  5096 | Orc:2    | Reached skill level 6 in Necromancy
  5096 | Orc:2    | Reached skill level 6 in Translocations
  5096 | Orc:2    | Reached skill level 6 in Fire Magic
  5096 | Orc:2    | Reached skill level 6 in Ice Magic
  5096 | Orc:2    | Reached skill level 6 in Air Magic
  5096 | Orc:2    | Reached skill level 6 in Earth Magic
  5096 | Orc:2    | Reached skill level 6 in Poison Magic
  5113 | Orc:2    | Found Founithu's Antique Armour Boutique.
  5113 | Orc:2    | Found a roughly hewn altar of Beogh.
  5115 | Orc:2    | Found Mirukigg's Antique Weapon Shop.
  5138 | Orc:2    | Bought a runed cloak for 180 gold pieces
  5138 | Orc:2    | Bought a heavily runed buckler for 228 gold pieces
  5138 | Orc:2    | Bought a pair of embroidered boots for 180 gold pieces
  5171 | Orc:2    | Identified the cursed +0 buckler "Kootacua" {Str+3 Int-2 Slay+3} (You bought it in a shop on level 2 of the Orcish Mines)
  5349 | D:10     | Found Teseh's Book Shop.
  5363 | D:10     | Bought a book of Transfigurations for 660 gold pieces
  5363 | D:10     | Bought a book of Callings for 360 gold pieces
  5372 | D:10     | Learned a level 6 spell: Statue Form
  5378 | D:10     | Learned a level 5 spell: Irradiate
  5438 | D:9      | Found a staircase to the Lair.
  5445 | D:9      | Noticed Joseph
  5452 | D:9      | Reached skill level 8 in Invocations
  5458 | D:9      | Killed Joseph
  5487 | Lair:1   | Entered Level 1 of the Lair of Beasts
  5508 | Lair:1   | Reached skill level 9 in Spellcasting
  5689 | Lair:4   | Reached skill level 8 in Fighting
  5689 | Lair:4   | Reached skill level 10 in Unarmed Combat
  5760 | Lair:4   | Found a staircase to the Shoals.
  5783 | Lair:4   | Learned a level 4 spell: Summon Lightning Spire
  5784 | Shoals:1 | Entered Level 1 of the Shoals
  5789 | Shoals:1 | Reached skill level 9 in Dodging
  5824 | Shoals:1 | Reached XP level 13. HP: 98/98 MP: 19/26
  6030 | Shoals:3 | Reached skill level 8 in Short Blades
  6030 | Shoals:3 | Reached skill level 8 in Long Blades
  6030 | Shoals:3 | Reached skill level 8 in Axes
  6030 | Shoals:3 | Reached skill level 8 in Maces & Flails
  6030 | Shoals:3 | Reached skill level 8 in Polearms
  6030 | Shoals:3 | Reached skill level 8 in Staves
  6030 | Shoals:3 | Reached skill level 8 in Slings
  6030 | Shoals:3 | Reached skill level 8 in Bows
  6030 | Shoals:3 | Reached skill level 8 in Crossbows
  6030 | Shoals:3 | Reached skill level 8 in Throwing
  6030 | Shoals:3 | Reached skill level 8 in Armour
  6030 | Shoals:3 | Reached skill level 8 in Stealth
  6030 | Shoals:3 | Reached skill level 8 in Shields
  6030 | Shoals:3 | Reached skill level 8 in Evocations
  6164 | Shoals:4 | Entered Level 4 of the Shoals
  6164 | Shoals:4 | Noticed buskinjo's ghost (journeyman SpEn)
  6171 | Shoals:3 | Reached skill level 9 in Invocations
  6275 | Shoals:2 | Reached skill level 8 in Transmutations
  6399 | Shoals:4 | Noticed Bai Suzhen
  6424 | Shoals:3 | Reached skill level 7 in Conjurations
  6424 | Shoals:3 | Reached skill level 7 in Hexes
  6424 | Shoals:3 | Reached skill level 7 in Charms
  6424 | Shoals:3 | Reached skill level 7 in Summonings
  6424 | Shoals:3 | Reached skill level 7 in Necromancy
  6424 | Shoals:3 | Reached skill level 7 in Translocations
  6424 | Shoals:3 | Reached skill level 7 in Fire Magic
  6424 | Shoals:3 | Reached skill level 7 in Ice Magic
  6424 | Shoals:3 | Reached skill level 7 in Air Magic
  6424 | Shoals:3 | Reached skill level 7 in Earth Magic
  6424 | Shoals:3 | Reached skill level 7 in Poison Magic
  6428 | Shoals:3 | Noticed a kraken
  6438 | Shoals:3 | Noticed a merfolk impaler
  6497 | Shoals:3 | Killed a merfolk impaler
  6537 | Shoals:3 | Reached skill level 9 in Fighting
  6539 | Shoals:3 | Noticed a merfolk javelineer
  6554 | Shoals:3 | Killed a merfolk javelineer
  6556 | Shoals:3 | Reached skill level 10 in Spellcasting
  6559 | Shoals:3 | Reached XP level 14. HP: 81/108 MP: 11/28
  6670 | Shoals:4 | Reached skill level 10 in Dodging
  6682 | Shoals:4 | Reached skill level 9 in Short Blades
  6682 | Shoals:4 | Reached skill level 9 in Long Blades
  6682 | Shoals:4 | Reached skill level 9 in Axes
  6682 | Shoals:4 | Reached skill level 9 in Maces & Flails
  6682 | Shoals:4 | Reached skill level 9 in Polearms
  6682 | Shoals:4 | Reached skill level 9 in Staves
  6682 | Shoals:4 | Reached skill level 9 in Slings
  6682 | Shoals:4 | Reached skill level 9 in Bows
  6682 | Shoals:4 | Reached skill level 9 in Crossbows
  6682 | Shoals:4 | Reached skill level 9 in Throwing
  6682 | Shoals:4 | Reached skill level 9 in Armour
  6682 | Shoals:4 | Reached skill level 9 in Stealth
  6682 | Shoals:4 | Reached skill level 9 in Shields
  6682 | Shoals:4 | Reached skill level 11 in Unarmed Combat
  6682 | Shoals:4 | Reached skill level 9 in Evocations
  6736 | Shoals:4 | Reached skill level 10 in Invocations
  6744 | Shoals:4 | Noticed Ilsuiw
  6744 | Shoals:4 | Killed Bai Suzhen
  6756 | Shoals:4 | Killed Ilsuiw
  6949 | Shoals:4 | Killed buskinjo's ghost
  7011 | Shoals:4 | Reached skill level 8 in Conjurations
  7011 | Shoals:4 | Reached skill level 8 in Hexes
  7011 | Shoals:4 | Reached skill level 8 in Charms
  7011 | Shoals:4 | Reached skill level 8 in Summonings
  7011 | Shoals:4 | Reached skill level 8 in Necromancy
  7011 | Shoals:4 | Reached skill level 8 in Translocations
  7011 | Shoals:4 | Reached skill level 8 in Fire Magic
  7011 | Shoals:4 | Reached skill level 8 in Ice Magic
  7011 | Shoals:4 | Reached skill level 8 in Air Magic
  7011 | Shoals:4 | Reached skill level 8 in Earth Magic
  7011 | Shoals:4 | Reached skill level 8 in Poison Magic
  7018 | Shoals:4 | Reached XP level 15. HP: 68/115 MP: 21/29
  7027 | Shoals:4 | Noticed a kraken
  7034 | Shoals:4 | Killed a kraken
  7034 | Shoals:4 | Reached skill level 9 in Transmutations
  7043 | Shoals:4 | Got a barnacled rune of Zot
  7100 | Shoals:2 | Reached skill level 10 in Fighting
  7262 | Lair:4   | Found a hole to the Spider Nest.
  7276 | Spider:1 | Entered Level 1 of the Spider Nest
  7301 | Spider:2 | Noticed Arachne
  7313 | Spider:2 | Killed Arachne
  7337 | Spider:2 | Reached skill level 11 in Spellcasting
  7436 | Spider:2 | Reached skill level 10 in Short Blades
  7436 | Spider:2 | Reached skill level 10 in Long Blades
  7436 | Spider:2 | Reached skill level 10 in Axes
  7436 | Spider:2 | Reached skill level 10 in Maces & Flails
  7436 | Spider:2 | Reached skill level 10 in Polearms
  7436 | Spider:2 | Reached skill level 10 in Staves
  7436 | Spider:2 | Reached skill level 10 in Slings
  7436 | Spider:2 | Reached skill level 10 in Bows
  7436 | Spider:2 | Reached skill level 10 in Crossbows
  7436 | Spider:2 | Reached skill level 10 in Throwing
  7436 | Spider:2 | Reached skill level 10 in Armour
  7436 | Spider:2 | Reached skill level 10 in Stealth
  7436 | Spider:2 | Reached skill level 10 in Shields
  7436 | Spider:2 | Reached skill level 10 in Evocations
  7449 | Spider:2 | Got a warped ring mail
  7548 | Spider:3 | Reached skill level 11 in Dodging
  7576 | Spider:3 | Reached skill level 11 in Invocations
  7594 | Spider:4 | Entered Level 4 of the Spider Nest
  7594 | Spider:4 | Noticed an emperor scorpion
  7690 | Spider:4 | Noticed an emperor scorpion
  7740 | Spider:4 | Killed an emperor scorpion
  7753 | Spider:4 | Reached skill level 12 in Unarmed Combat
  7757 | Spider:4 | Killed an emperor scorpion
  7757 | Spider:4 | Reached XP level 16. HP: 124/124 MP: 22/31
  7947 | Spider:4 | Reached skill level 9 in Conjurations
  7947 | Spider:4 | Reached skill level 9 in Hexes
  7947 | Spider:4 | Reached skill level 9 in Charms
  7947 | Spider:4 | Reached skill level 9 in Summonings
  7947 | Spider:4 | Reached skill level 9 in Necromancy
  7947 | Spider:4 | Reached skill level 9 in Translocations
  7947 | Spider:4 | Reached skill level 9 in Fire Magic
  7947 | Spider:4 | Reached skill level 9 in Ice Magic
  7947 | Spider:4 | Reached skill level 9 in Air Magic
  7947 | Spider:4 | Reached skill level 9 in Earth Magic
  7947 | Spider:4 | Reached skill level 9 in Poison Magic
  8006 | Spider:4 | Got a gossamer rune of Zot
  8009 | Spider:4 | Reached skill level 11 in Fighting
  8235 | Lair:6   | Entered Level 6 of the Lair of Beasts
  8328 | Lair:6   | Found a large runed door.
  8328 | Lair:6   | Found a large runed door.
  8425 | Lair:6   | Found a viscous altar of Jiyva.
  8427 | Lair:6   | Found a staircase to the Slime Pits.
  8443 | Lair:6   | Learned a level 6 spell: Shadow Creatures
  8459 | Slime:1  | Entered Level 1 of the Pits of Slime
  8460 | Slime:1  | Noticed an acid blob
  8486 | Slime:1  | Reached skill level 10 in Transmutations
  8500 | Slime:2  | Noticed an acid blob
  8500 | Slime:2  | Noticed an acid blob
  8508 | Slime:2  | Killed an acid blob
  8510 | Slime:2  | Noticed an acid blob
  8510 | Slime:2  | Killed an acid blob
  8512 | Slime:2  | Noticed an acid blob
  8512 | Slime:2  | Noticed an acid blob
  8559 | Slime:2  | Noticed an azure jelly
  8564 | Slime:2  | Killed an acid blob
  8564 | Slime:2  | Killed an azure jelly
  8565 | Slime:2  | Killed an acid blob
  8565 | Slime:2  | Reached skill level 11 in Short Blades
  8565 | Slime:2  | Reached skill level 11 in Long Blades
  8565 | Slime:2  | Reached skill level 11 in Axes
  8565 | Slime:2  | Reached skill level 11 in Maces & Flails
  8565 | Slime:2  | Reached skill level 11 in Polearms
  8565 | Slime:2  | Reached skill level 11 in Staves
  8565 | Slime:2  | Reached skill level 11 in Slings
  8565 | Slime:2  | Reached skill level 11 in Bows
  8565 | Slime:2  | Reached skill level 11 in Crossbows
  8565 | Slime:2  | Reached skill level 11 in Throwing
  8565 | Slime:2  | Reached skill level 11 in Armour
  8565 | Slime:2  | Reached skill level 11 in Stealth
  8565 | Slime:2  | Reached skill level 11 in Shields
  8565 | Slime:2  | Reached skill level 11 in Evocations
  8566 | Slime:2  | Killed an acid blob
  8566 | Slime:2  | Reached skill level 12 in Spellcasting
  8570 | Slime:2  | Reached XP level 17. HP: 131/131 MP: 24/33
  8612 | Slime:2  | Noticed an acid blob
  8617 | Slime:2  | Killed an acid blob
  8644 | Slime:3  | Reached skill level 12 in Invocations
  8664 | Slime:4  | Noticed an acid blob
  8672 | Slime:4  | Killed an acid blob
  8675 | Slime:4  | Noticed an acid blob
  8678 | Slime:4  | Noticed an acid blob
  8679 | Slime:4  | Killed an acid blob
  8684 | Slime:4  | Killed an acid blob
  8684 | Slime:4  | Reached skill level 12 in Dodging
  8716 | Slime:5  | Entered Level 5 of the Pits of Slime
  8726 | Slime:5  | Noticed an acid blob
  8726 | Slime:5  | Noticed an acid blob
  8733 | Slime:5  | Noticed an acid blob
  8737 | Slime:4  | Killed an acid blob
  8740 | Slime:4  | Killed an acid blob
  8793 | Slime:5  | Killed an acid blob
  8833 | Slime:5  | Noticed an acid blob
  8836 | Slime:5  | Found a viscous altar of Jiyva.
  8837 | Slime:5  | Noticed the Royal Jelly
  8841 | Slime:5  | Noticed an acid blob
  8843 | Slime:5  | Killed an acid blob
  8850 | Slime:5  | Killed an acid blob
  8854 | Slime:5  | Noticed an acid blob
  8858 | Slime:5  | Killed an acid blob
  8861 | Slime:5  | Noticed an acid blob
  8866 | Slime:5  | Noticed an acid blob
  8866 | Slime:5  | Killed an acid blob
  8867 | Slime:5  | Noticed an acid blob
  8871 | Slime:5  | Killed an acid blob
  8882 | Slime:5  | Killed an acid blob
  8889 | Slime:5  | Killed the Royal Jelly
  8889 | Slime:5  | Reached skill level 13 in Unarmed Combat
  8889 | Slime:5  | Noticed an acid blob
  8890 | Slime:5  | Noticed an acid blob
  8943 | Slime:5  | Killed an acid blob
  8978 | Slime:5  | Noticed an acid blob
  8983 | Slime:5  | Killed an acid blob
  9134 | Slime:5  | Got a slimy rune of Zot
  9379 | Lair:3   | Reached skill level 10 in Conjurations
  9379 | Lair:3   | Reached skill level 10 in Hexes
  9379 | Lair:3   | Reached skill level 10 in Charms
  9379 | Lair:3   | Reached skill level 10 in Summonings
  9379 | Lair:3   | Reached skill level 10 in Necromancy
  9379 | Lair:3   | Reached skill level 10 in Translocations
  9379 | Lair:3   | Reached skill level 10 in Fire Magic
  9379 | Lair:3   | Reached skill level 10 in Ice Magic
  9379 | Lair:3   | Reached skill level 10 in Air Magic
  9379 | Lair:3   | Reached skill level 10 in Earth Magic
  9379 | Lair:3   | Reached skill level 10 in Poison Magic
  9541 | D:10     | Bought a book of Alchemy for 900 gold pieces
  9541 | D:10     | Bought a book of the Warp for 1080 gold pieces
  9544 | D:10     | Learned a level 2 spell: Sublimation of Blood
  9550 | D:10     | You are sucked into a shaft!
  9573 | D:12     | Reached XP level 18. HP: 140/140 MP: 34/34
  9586 | D:12     | Reached skill level 12 in Fighting
  9629 | D:12     | Noticed Azrael
  9635 | D:12     | Killed Azrael
  9677 | D:13     | Found a gate to the Vaults.
  9702 | Vaults:1 | Entered Level 1 of the Vaults
  9855 | Vaults:2 | Found Zyjoem's Weapon Boutique.
  9878 | Vaults:3 | Learned a level 5 spell: Aura of Abjuration
  9945 | Vaults:3 | Reached skill level 12 in Short Blades
  9945 | Vaults:3 | Reached skill level 12 in Long Blades
  9945 | Vaults:3 | Reached skill level 12 in Axes
  9945 | Vaults:3 | Reached skill level 12 in Maces & Flails
  9945 | Vaults:3 | Reached skill level 12 in Polearms
  9945 | Vaults:3 | Reached skill level 12 in Staves
  9945 | Vaults:3 | Reached skill level 12 in Slings
  9945 | Vaults:3 | Reached skill level 12 in Bows
  9945 | Vaults:3 | Reached skill level 12 in Crossbows
  9945 | Vaults:3 | Reached skill level 12 in Throwing
  9945 | Vaults:3 | Reached skill level 12 in Armour
  9945 | Vaults:3 | Reached skill level 12 in Stealth
  9945 | Vaults:3 | Reached skill level 12 in Shields
  9945 | Vaults:3 | Reached skill level 12 in Evocations
 10030 | Vaults:4 | Reached skill level 13 in Invocations
 10058 | Vaults:4 | Reached skill level 11 in Transmutations
 10118 | Vaults:4 | Reached skill level 13 in Spellcasting
 10190 | Vaults:4 | Reached skill level 13 in Dodging
 10203 | Vaults:4 | Reached XP level 19. HP: 147/147 MP: 26/36
 10267 | Vaults:5 | Entered Level 5 of the Vaults
 10343 | Vaults:5 | Got a silver rune of Zot
 10352 | Vaults:5 | Learned a level 5 spell: Borgnjor's Vile Clutch
 10412 | Vaults:5 | Reached skill level 14 in Unarmed Combat
 10424 | Vaults:5 | Reached skill level 13 in Fighting
 10428 | Vaults:5 | Reached skill level 11 in Conjurations
 10428 | Vaults:5 | Reached skill level 11 in Hexes
 10428 | Vaults:5 | Reached skill level 11 in Charms
 10428 | Vaults:5 | Reached skill level 11 in Summonings
 10428 | Vaults:5 | Reached skill level 11 in Necromancy
 10428 | Vaults:5 | Reached skill level 11 in Translocations
 10428 | Vaults:5 | Reached skill level 11 in Fire Magic
 10428 | Vaults:5 | Reached skill level 11 in Ice Magic
 10428 | Vaults:5 | Reached skill level 11 in Air Magic
 10428 | Vaults:5 | Reached skill level 11 in Earth Magic
 10428 | Vaults:5 | Reached skill level 11 in Poison Magic
 10440 | Vaults:5 | Cast into level 3 of the Abyss (a deep elf sorcerer)
 10448 | Abyss:3  | Found a corrupted altar of Lugonu.
 10559 | Abyss:4  | Got an abyssal rune of Zot
 10637 | Vaults:5 | Escaped the Abyss
 10639 | Vaults:5 | Reached XP level 20. HP: 156/156 MP: 30/37
 10640 | Vaults:5 | Reached skill level 13 in Short Blades
 10640 | Vaults:5 | Reached skill level 13 in Long Blades
 10640 | Vaults:5 | Reached skill level 13 in Axes
 10640 | Vaults:5 | Reached skill level 13 in Maces & Flails
 10640 | Vaults:5 | Reached skill level 13 in Polearms
 10640 | Vaults:5 | Reached skill level 13 in Staves
 10640 | Vaults:5 | Reached skill level 13 in Slings
 10640 | Vaults:5 | Reached skill level 13 in Bows
 10640 | Vaults:5 | Reached skill level 13 in Crossbows
 10640 | Vaults:5 | Reached skill level 13 in Throwing
 10640 | Vaults:5 | Reached skill level 13 in Armour
 10640 | Vaults:5 | Reached skill level 13 in Stealth
 10640 | Vaults:5 | Reached skill level 13 in Shields
 10640 | Vaults:5 | Reached skill level 14 in Invocations
 10640 | Vaults:5 | Reached skill level 13 in Evocations
 10667 | Vaults:5 | Paralysed by an orc warrior for 4 turns
 10716 | Vaults:5 | Reached skill level 14 in Spellcasting
 10780 | Vaults:5 | Identified the +3 ring mail of Loss {-Cast rElec rCorr Str+8} (You found it on level 5 of the Vaults)
 10793 | Vaults:5 | Reached skill level 12 in Transmutations
 10836 | Vaults:5 | Reached skill level 14 in Dodging
 10912 | Vaults:5 | Reached XP level 21. HP: 164/164 MP: 23/39
 11008 | Vaults:3 | Found a staircase to the Crypt.
 11016 | Crypt:1  | Entered Level 1 of the Crypt
 11022 | Crypt:1  | You fall through a shaft!
 11026 | Crypt:2  | Reached skill level 14 in Fighting
 11072 | Crypt:2  | Reached skill level 15 in Unarmed Combat
 11148 | Crypt:2  | Reached skill level 15 in Invocations
 11189 | Crypt:2  | Reached skill level 12 in Conjurations
 11189 | Crypt:2  | Reached skill level 12 in Hexes
 11189 | Crypt:2  | Reached skill level 12 in Charms
 11189 | Crypt:2  | Reached skill level 12 in Summonings
 11189 | Crypt:2  | Reached skill level 12 in Necromancy
 11189 | Crypt:2  | Reached skill level 12 in Translocations
 11189 | Crypt:2  | Reached skill level 12 in Fire Magic
 11189 | Crypt:2  | Reached skill level 12 in Ice Magic
 11189 | Crypt:2  | Reached skill level 12 in Air Magic
 11189 | Crypt:2  | Reached skill level 12 in Earth Magic
 11189 | Crypt:2  | Reached skill level 12 in Poison Magic
 11209 | Crypt:3  | Entered Level 3 of the Crypt
 11273 | Crypt:3  | Reached skill level 14 in Short Blades
 11273 | Crypt:3  | Reached skill level 14 in Long Blades
 11273 | Crypt:3  | Reached skill level 14 in Axes
 11273 | Crypt:3  | Reached skill level 14 in Maces & Flails
 11273 | Crypt:3  | Reached skill level 14 in Polearms
 11273 | Crypt:3  | Reached skill level 14 in Staves
 11273 | Crypt:3  | Reached skill level 14 in Slings
 11273 | Crypt:3  | Reached skill level 14 in Bows
 11273 | Crypt:3  | Reached skill level 14 in Crossbows
 11273 | Crypt:3  | Reached skill level 14 in Throwing
 11273 | Crypt:3  | Reached skill level 14 in Armour
 11273 | Crypt:3  | Reached skill level 14 in Stealth
 11273 | Crypt:3  | Reached skill level 14 in Shields
 11273 | Crypt:3  | Reached skill level 14 in Evocations
 11381 | Crypt:3  | Noticed Mennas
 11396 | Crypt:3  | Killed Mennas
 11424 | Crypt:3  | Found a staircase to the Tomb.
 11447 | Tomb:1   | Entered Level 1 of the Tomb of the Ancients
 11468 | Tomb:1   | Reached XP level 22. HP: 172/172 MP: 40/40
 11471 | Tomb:1   | Paralysed by a sphinx for 3 turns
 11539 | Tomb:1   | Noticed a greater mummy
 11548 | Tomb:1   | Killed a greater mummy
 11594 | Tomb:1   | Reached skill level 15 in Spellcasting
 11623 | Tomb:1   | Learned a level 5 spell: Silence
 11632 | Tomb:1   | Learned a level 8 spell: Controlled Blink
 11709 | Tomb:2   | Noticed Jorgrun
 11712 | Tomb:2   | Noticed a greater mummy
 11718 | Tomb:2   | Killed Jorgrun
 11719 | Tomb:2   | Noticed a greater mummy
 11721 | Tomb:2   | Noticed a greater mummy
 11722 | Tomb:2   | Noticed a greater mummy
 11724 | Tomb:1   | Killed a greater mummy
 11790 | Tomb:2   | Noticed a greater mummy
 11819 | Tomb:2   | Killed a greater mummy
 11819 | Tomb:2   | Reached skill level 15 in Dodging
 11819 | Tomb:2   | HP: 22/224 [greater mummy (17)]
 11821 | Tomb:2   | Killed a greater mummy
 12000 | Tomb:2   | Killed a greater mummy
 12000 | Tomb:2   | Reached skill level 13 in Transmutations
 12084 | Tomb:1   | Noticed a greater mummy
 12090 | Tomb:1   | Killed a greater mummy
 12107 | Tomb:2   | Killed a greater mummy
 12186 | Tomb:1   | Noticed a greater mummy
 12207 | Tomb:1   | Noticed a greater mummy
 12208 | Tomb:1   | Killed a greater mummy
 12215 | Tomb:1   | Killed a greater mummy
 12234 | Tomb:1   | Noticed a greater mummy
 12246 | Tomb:1   | Killed a greater mummy
 12246 | Tomb:1   | Reached XP level 23. HP: 121/180 MP: 42/42
 12291 | Tomb:1   | Noticed a greater mummy
 12296 | Tomb:1   | Noticed a greater mummy
 12299 | Tomb:1   | Killed a greater mummy
 12306 | Tomb:1   | Killed a greater mummy
 12328 | Tomb:1   | Noticed a greater mummy
 12337 | Tomb:1   | Killed a greater mummy
 12360 | Tomb:1   | Noticed a greater mummy
 12368 | Tomb:1   | Killed a greater mummy
 12368 | Tomb:1   | Reached skill level 15 in Fighting
 12385 | Tomb:1   | Noticed a greater mummy
 12413 | Tomb:1   | Killed a greater mummy
 12444 | Tomb:1   | Noticed a greater mummy
 12454 | Tomb:1   | Killed a greater mummy
 12454 | Tomb:1   | Reached skill level 16 in Invocations
 12456 | Tomb:1   | Noticed a greater mummy
 12467 | Tomb:1   | Killed a greater mummy
 12608 | Tomb:3   | Entered Level 3 of the Tomb of the Ancients
 12613 | Tomb:3   | Reached skill level 16 in Unarmed Combat
 12617 | Tomb:3   | Reached skill level 15 in Short Blades
 12617 | Tomb:3   | Reached skill level 15 in Long Blades
 12617 | Tomb:3   | Reached skill level 15 in Axes
 12617 | Tomb:3   | Reached skill level 15 in Maces & Flails
 12617 | Tomb:3   | Reached skill level 15 in Polearms
 12617 | Tomb:3   | Reached skill level 15 in Staves
 12617 | Tomb:3   | Reached skill level 15 in Slings
 12617 | Tomb:3   | Reached skill level 15 in Bows
 12617 | Tomb:3   | Reached skill level 15 in Crossbows
 12617 | Tomb:3   | Reached skill level 15 in Throwing
 12617 | Tomb:3   | Reached skill level 15 in Armour
 12617 | Tomb:3   | Reached skill level 15 in Stealth
 12617 | Tomb:3   | Reached skill level 15 in Shields
 12617 | Tomb:3   | Reached skill level 15 in Evocations
 12618 | Tomb:3   | Noticed a greater mummy
 12620 | Tomb:3   | Noticed a greater mummy
 12637 | Tomb:3   | Killed a greater mummy
 12637 | Tomb:3   | Reached skill level 13 in Conjurations
 12637 | Tomb:3   | Reached skill level 13 in Hexes
 12637 | Tomb:3   | Reached skill level 13 in Charms
 12637 | Tomb:3   | Reached skill level 13 in Summonings
 12637 | Tomb:3   | Reached skill level 13 in Necromancy
 12637 | Tomb:3   | Reached skill level 13 in Translocations
 12637 | Tomb:3   | Reached skill level 13 in Fire Magic
 12637 | Tomb:3   | Reached skill level 13 in Ice Magic
 12637 | Tomb:3   | Reached skill level 13 in Air Magic
 12637 | Tomb:3   | Reached skill level 13 in Earth Magic
 12637 | Tomb:3   | Reached skill level 13 in Poison Magic
 12640 | Tomb:3   | Killed a greater mummy
 12649 | Tomb:3   | Noticed a greater mummy
 12652 | Tomb:3   | Killed a greater mummy
 12655 | Tomb:3   | Noticed a greater mummy
 12661 | Tomb:2   | HP: 11/181 [bolt trap (24)]
 12737 | Tomb:3   | Found the +3 giant club "Skullcrusher" {speed, Str+7}
 12758 | Zig:1    | Entered Level 1 of a ziggurat
 12775 | Zig:2    | Entered Level 2 of a ziggurat
 12776 | Zig:2    | Noticed a shard shrike
 12787 | Zig:2    | Killed a shard shrike
 12806 | Zig:3    | Entered Level 3 of a ziggurat
 12823 | Zig:4    | Entered Level 4 of a ziggurat
 12848 | Zig:4    | Learned a level 3 spell: Lesser Beckoning
 12853 | Zig:4    | Learned a level 4 spell: Passage of Golubria
 12857 | Zig:5    | Entered Level 5 of a ziggurat
 12885 | Zig:5    | Identified the ring "Gotas" {rCorr MR+} (You found it on level 5 of a ziggurat)
 12899 | Zig:6    | Entered Level 6 of a ziggurat
 12901 | Zig:6    | Noticed a greater mummy
 12910 | Zig:6    | Killed a greater mummy
 12910 | Zig:6    | Reached XP level 24. HP: 189/189 MP: 42/42
 12936 | Zig:7    | Entered Level 7 of a ziggurat
 12975 | Zig:8    | Entered Level 8 of a ziggurat
 12982 | Zig:8    | Noticed Jassoyth the pandemonium lord
 12982 | Zig:8    | Noticed Hehi the pandemonium lord
 12983 | Zig:8    | Noticed a Killer Klown
 12983 | Zig:8    | Noticed Hunov the pandemonium lord
 12990 | Zig:8    | Killed Hunov the pandemonium lord
 12991 | Zig:8    | Killed a Killer Klown
 12999 | Zig:8    | Killed Jassoyth the pandemonium lord
 12999 | Zig:8    | Reached skill level 16 in Spellcasting
 13002 | Zig:8    | Killed Hehi the pandemonium lord
 13012 | Zig:8    | Identified the Reference Book on Ashen Changing
 13014 | Zig:8    | Identified the amulet "Jerosu Hetan" {RegenMP rF+ Str+3 Stlth+} (You found it on level 8 of a ziggurat)
 13037 | Zig:9    | Entered Level 9 of a ziggurat
 13059 | Zig:9    | Reached skill level 16 in Dodging
 13076 | Zig:9    | Learned a level 1 spell: Apportation
 13100 | Zig:10   | Entered Level 10 of a ziggurat
 13128 | Zig:10   | Found the +4 dagger "Morg" {pain, MR+ Int+5}
 13169 | Zig:11   | Entered Level 11 of a ziggurat
 13183 | Zig:11   | Found the cursed necklace of Bloodlust {*Rage +Rage MR++ Int-3 Slay+6 *Curse}
 13210 | Zig:12   | Entered Level 12 of a ziggurat
 13230 | Zig:12   | Reached skill level 14 in Transmutations
 13272 | Zig:12   | Got a glittering brass ring
 13274 | Zig:12   | Identified the ring "Acli" {+Inv rC- rN++ Int-5 SInv} (You found it on level 12 of a ziggurat)
 13284 | Zig:12   | Got a scintillating copper ring
 13285 | Zig:12   | Identified the ring "Qeuvahue" {+Blink rPois Str+4 Int+4 Dex-5} (You found it on level 12 of a ziggurat)
 13288 | Zig:13   | Entered Level 13 of a ziggurat
 13301 | Zig:13   | Reached skill level 17 in Invocations
 13301 | Zig:13   | Reached skill level 16 in Fighting
 13301 | Zig:13   | Reached XP level 25. HP: 197/197 MP: 32/43
 13317 | Zig:13   | Reached XP level 26. HP: 204/204 MP: 38/43
 13344 | Zig:14   | Entered Level 14 of a ziggurat
 13368 | Zig:14   | Reached skill level 16 in Short Blades
 13368 | Zig:14   | Reached skill level 16 in Long Blades
 13368 | Zig:14   | Reached skill level 16 in Axes
 13368 | Zig:14   | Reached skill level 16 in Maces & Flails
 13368 | Zig:14   | Reached skill level 16 in Polearms
 13368 | Zig:14   | Reached skill level 16 in Staves
 13368 | Zig:14   | Reached skill level 16 in Slings
 13368 | Zig:14   | Reached skill level 16 in Bows
 13368 | Zig:14   | Reached skill level 16 in Crossbows
 13368 | Zig:14   | Reached skill level 16 in Throwing
 13368 | Zig:14   | Reached skill level 16 in Armour
 13368 | Zig:14   | Reached skill level 16 in Stealth
 13368 | Zig:14   | Reached skill level 16 in Shields
 13368 | Zig:14   | Reached skill level 16 in Evocations
 13381 | Zig:14   | Reached skill level 17 in Unarmed Combat
 13381 | Zig:14   | Reached XP level 27. HP: 50/211 MP: 10/43
 13382 | Zig:14   | Got a warped ruby amulet
 13453 | Zig:14   | Identified the amulet of Nulem {Regen+ MP+9 Str+6} (You found it on level 14 of a ziggurat)
 13479 | Tomb:3   | Noticed a greater mummy
 13490 | Tomb:3   | Killed a greater mummy
 13500 | Tomb:3   | Killed a greater mummy
 13511 | Tomb:3   | Noticed a greater mummy
 13521 | Tomb:3   | Killed a greater mummy
 13560 | Tomb:3   | Noticed a greater mummy
 13583 | Tomb:3   | Reached skill level 14 in Conjurations
 13583 | Tomb:3   | Reached skill level 14 in Hexes
 13583 | Tomb:3   | Reached skill level 14 in Charms
 13583 | Tomb:3   | Reached skill level 14 in Summonings
 13583 | Tomb:3   | Reached skill level 14 in Necromancy
 13583 | Tomb:3   | Reached skill level 14 in Translocations
 13583 | Tomb:3   | Reached skill level 14 in Fire Magic
 13583 | Tomb:3   | Reached skill level 14 in Ice Magic
 13583 | Tomb:3   | Reached skill level 14 in Air Magic
 13583 | Tomb:3   | Reached skill level 14 in Earth Magic
 13583 | Tomb:3   | Reached skill level 14 in Poison Magic
 13601 | Tomb:3   | Noticed a greater mummy
 13603 | Tomb:3   | Killed a greater mummy
 13608 | Tomb:3   | Killed a greater mummy
 13636 | Tomb:3   | Got an encrusted buckler
 13642 | Tomb:3   | Identified the +0 buckler "Diad Taeti" {rC+} (You found it on level 3 of the Tomb of the Ancients)
 13681 | Tomb:3   | Got a golden rune of Zot
 13798 | Crypt:3  | Found a basalt altar of Yredelemnul.
 14012 | Crypt:1  | Reached skill level 17 in Spellcasting
 14147 | Vaults:1 | Reached skill level 17 in Dodging
 14332 | D:14     | Noticed Roxanne
 14346 | D:14     | Killed Roxanne
 14349 | D:14     | Identified Roxanne's Tome of Earth (You took it off Roxanne on level 14 of the Dungeon)
 14353 | D:14     | Learned a level 2 spell: Passwall
 14359 | D:15     | Entered Level 15 of the Dungeon
 14395 | D:15     | Found a staircase to the Depths.
 14420 | Depths:1 | Entered Level 1 of the Depths
 14477 | Depths:3 | Learned a level 8 spell: Ignition
 14516 | Depths:3 | Found a gateway to Hell.
 14544 | Hell     | Entered the Vestibule of Hell
 14544 | Hell     | Noticed Geryon
 14554 | Hell     | Killed Geryon
 14577 | Hell     | Reached skill level 18 in Invocations
 14715 | Depths:3 | Reached skill level 17 in Fighting
 14791 | Hell     | Found a gateway to the decaying netherworld of Tartarus.
 14797 | Tar:1    | Entered Level 1 of Tartarus
 14797 | Tar:1    | Found a gateway to Hell.
 14809 | Tar:1    | Reached skill level 15 in Transmutations
 14861 | Depths:3 | Reached skill level 17 in Short Blades
 14861 | Depths:3 | Reached skill level 17 in Long Blades
 14861 | Depths:3 | Reached skill level 17 in Axes
 14861 | Depths:3 | Reached skill level 17 in Maces & Flails
 14861 | Depths:3 | Reached skill level 17 in Polearms
 14861 | Depths:3 | Reached skill level 17 in Staves
 14861 | Depths:3 | Reached skill level 17 in Slings
 14861 | Depths:3 | Reached skill level 17 in Bows
 14861 | Depths:3 | Reached skill level 17 in Crossbows
 14861 | Depths:3 | Reached skill level 17 in Throwing
 14861 | Depths:3 | Reached skill level 17 in Armour
 14861 | Depths:3 | Reached skill level 17 in Stealth
 14861 | Depths:3 | Reached skill level 17 in Shields
 14861 | Depths:3 | Reached skill level 17 in Evocations
 14903 | Depths:5 | Entered Level 5 of the Depths
 15070 | Depths:4 | Found a one-way gate to the infinite horrors of the Abyss.
 15123 | Depths:5 | Reached skill level 18 in Unarmed Combat
 15158 | Depths:5 | Found a one-way gate leading to the halls of Pandemonium.
 15164 | Depths:5 | Identified the +5 shield "Fuodaim" {Int+3} (You found it on level 5 of the Depths)
 15181 | Depths:5 | Found a gateway to a ziggurat.
 15187 | Zig:1    | Entered Level 1 of a ziggurat
 15201 | Zig:2    | Entered Level 2 of a ziggurat
 15221 | Zig:2    | Identified the cursed +0 helmet "Feukor" {Str+2 Dex+3 Stlth+} (You found it on level 2 of a ziggurat)
 15225 | Zig:3    | Entered Level 3 of a ziggurat
 15238 | Zig:4    | Entered Level 4 of a ziggurat
 15252 | Zig:4    | Got a shimmering lead ring
 15253 | Zig:4    | Identified the ring "Dokkapots" {MP+9 Int+4} (You found it on level 4 of a ziggurat)
 15256 | Zig:5    | Entered Level 5 of a ziggurat
 15276 | Zig:6    | Entered Level 6 of a ziggurat
 15281 | Zig:6    | Noticed Fegoat the pandemonium lord
 15288 | Zig:6    | Killed Fegoat the pandemonium lord
 15312 | Zig:7    | Entered Level 7 of a ziggurat
 15313 | Zig:7    | Noticed an ancient lich
 15320 | Zig:7    | Killed an ancient lich
 15336 | Zig:8    | Entered Level 8 of a ziggurat
 15339 | Zig:8    | Reached skill level 15 in Conjurations
 15339 | Zig:8    | Reached skill level 15 in Hexes
 15339 | Zig:8    | Reached skill level 15 in Charms
 15339 | Zig:8    | Reached skill level 15 in Summonings
 15339 | Zig:8    | Reached skill level 15 in Necromancy
 15339 | Zig:8    | Reached skill level 15 in Translocations
 15339 | Zig:8    | Reached skill level 15 in Fire Magic
 15339 | Zig:8    | Reached skill level 15 in Ice Magic
 15339 | Zig:8    | Reached skill level 15 in Air Magic
 15339 | Zig:8    | Reached skill level 15 in Earth Magic
 15339 | Zig:8    | Reached skill level 15 in Poison Magic
 15352 | Zig:8    | Reached skill level 18 in Spellcasting
 15359 | Zig:9    | Entered Level 9 of a ziggurat
 15387 | Zig:10   | Entered Level 10 of a ziggurat
 15392 | Zig:10   | Noticed Ushietul the pandemonium lord
 15395 | Zig:10   | Reached skill level 18 in Dodging
 15397 | Zig:10   | Killed Ushietul the pandemonium lord
 15410 | Zig:10   | Found the +8 autumn katana {slice, Clar}
 15415 | Zig:10   | Identified the Disquisition on Creative Feathers
 15426 | Zig:10   | Identified the ring "Soam" {rF- MP+9 Str+2 Int+5} (You found it on level 10 of a ziggurat)
 15445 | Zig:11   | Entered Level 11 of a ziggurat
 15461 | Zig:11   | Reached skill level 19 in Invocations
 15481 | Zig:11   | Identified the Incunabulum of the Jolly Beggars
 15492 | Zig:12   | Entered Level 12 of a ziggurat
 15526 | Zig:13   | Entered Level 13 of a ziggurat
 15538 | Zig:13   | Reached skill level 18 in Fighting
 15555 | Zig:13   | Found the +8 glaive of the Guard {elec, +Rage AC+5 SInv}
 15581 | Zig:14   | Entered Level 14 of a ziggurat
 15597 | Zig:14   | HP: 28/282 [electric golem/bolt of lightning (5)]
 15602 | Zig:14   | Slain by a titan

Skill      XL: |  1  2  3  4  5  6  7  8  9 10 11 12 13 14 15 16 17 18 19 20 21 22 23 24 25 26 27 |
---------------+----------------------------------------------------------------------------------+-----
Spellcasting   | 5 6 7 8 9 10 11 12 13 14 15 16 18 | 18.4
Fighting       | 3 4 5 6 7 8 9 10 11 12 13 14 15 16 18 | 18.1
Short Blades   | 1 2 3 4 5 6 7 8 9 10 11 12 13 14 15 16 17 | 17.9
Long Blades    | 1 2 3 4 5 6 7 8 9 10 11 12 13 14 15 16 17 | 17.9
Axes           | 1 2 3 4 5 6 7 8 9 10 11 12 13 14 15 16 17 | 17.9
Maces & Flails | 1 2 3 4 5 6 7 8 9 10 11 12 13 14 15 16 17 | 17.9
Polearms       | 1 2 3 4 5 6 7 8 9 10 11 12 13 14 15 16 17 | 17.9
Staves         | 1 2 3 4 5 6 7 8 9 10 11 12 13 14 15 16 17 | 17.9
Slings         | 1 2 3 4 5 6 7 8 9 10 11 12 13 14 15 16 17 | 17.9
Bows           | 1 2 3 4 5 6 7 8 9 10 11 12 13 14 15 16 17 | 17.9
Crossbows      | 1 2 3 4 5 6 7 8 9 10 11 12 13 14 15 16 17 | 17.9
Throwing       | 1 2 3 4 5 6 7 8 9 10 11 12 13 14 15 16 17 | 17.9
Armour         | 1 2 3 4 5 6 7 8 9 10 11 12 13 14 15 16 17 | 17.9
Stealth        | 1 2 3 4 5 6 7 8 9 10 11 12 13 14 15 16 17 | 17.9
Shields        | 1 2 3 4 5 6 7 8 9 10 11 12 13 14 15 16 17 | 17.9
Conjurations   | 1 2 3 4 5 6 7 8 9 10 11 12 13 15 | 15.4
Hexes          | 1 2 3 4 5 6 7 8 9 10 11 12 13 15 | 15.4
Charms         | 1 2 3 4 5 6 7 8 9 10 11 12 13 15 | 15.4
Summonings     | 1 2 3 4 5 6 7 8 9 10 11 12 13 15 | 15.4
Necromancy     | 1 2 3 4 5 6 7 8 9 10 11 12 13 15 | 15.4
Translocations | 1 2 3 4 5 6 7 8 9 10 11 12 13 15 | 15.4
Transmutations | 4 5 6 7 8 9 10 11 12 13 14 15 | 15.8
Fire Magic     | 1 2 3 4 5 6 7 8 9 10 11 12 13 15 | 15.4
Ice Magic      | 1 2 3 4 5 6 7 8 9 10 11 12 13 15 | 15.4
Air Magic      | 1 2 3 4 5 6 7 8 9 10 11 12 13 15 | 15.4
Earth Magic    | 1 2 3 4 5 6 7 8 9 10 11 12 13 15 | 15.4
Poison Magic   | 1 2 3 4 5 6 7 8 9 10 11 12 13 15 | 15.4
Invocations    | 1 2 3 4 5 6 7 8 9 10 11 12 13 14 15 16 17 19 | 19.3
Evocations     | 1 2 3 4 5 6 7 8 9 10 11 12 13 14 15 16 17 | 17.9
Dodging        | 5 6 7 8 9 10 11 12 13 14 15 16 18 | 18.3
Unarmed Combat | 7 8 9 10 11 12 13 14 15 16 17 18 | 18.7

Action                   |  1- 3 |  4- 6 |  7- 9 | 10-12 | 13-15 | 16-18 | 19-21 | 22-24 | 25-27 || total
-------------------------+-------+-------+-------+-------+-------+-------+-------+-------+-------++-------
Melee: Unarmed           |    47 |    46 |   251 |   403 |   365 |   328 |       |   111 |    14 ||  1565
       Kick              |     3 |       |       |       |       |       |       |       |       ||     3
       Bite              |     2 |       |       |    50 |    69 |    97 |    85 |    66 |    86 ||   455
       Headbutt          |     1 |       |       |       |       |       |       |       |       ||     1
       Punch             |     1 |       |       |    16 |     2 |       |       |       |       ||    19
       Dagger            |       |     2 |    11 |    32 |    13 |    35 |       |       |       ||    93
       Broad axe         |       |       |       |       |       |   161 |   328 |   183 |   363 ||  1035
       Eudemon blade     |       |       |       |       |       |       |    11 |       |       ||    11
Throw: Tomahawk          |       |       |       |    48 |    89 |    45 |       |       |       ||   182
       Javelin           |       |       |       |       |       |    13 |    33 |    41 |    20 ||   107
 Cast: Beastly Appendage |     9 |       |       |       |       |       |       |       |       ||     9
       Sticks to Snakes  |     3 |     1 |    10 |    10 |     8 |    15 |     1 |       |       ||    48
       Spider Form       |     2 |     7 |     4 |       |       |       |       |       |       ||    13
       Ice Form          |       |       |    21 |     9 |       |       |       |       |       ||    30
       Blade Hands       |       |       |       |    37 |    11 |       |       |       |       ||    48
       Confuse           |       |       |       |     5 |       |       |       |       |       ||     5
       Mephitic Cloud    |       |       |       |     2 |       |       |       |       |       ||     2
       Blink             |       |       |       |     1 |     2 |     4 |     5 |    11 |    26 ||    49
       Statue Form       |       |       |       |     8 |    28 |    47 |    31 |    38 |    36 ||   188
       Summon Lightning  |       |       |       |     3 |    18 |    20 |     4 |     4 |     3 ||    52
       Irradiate         |       |       |       |       |     5 |    25 |    17 |    27 |    23 ||    97
       Shadow Creatures  |       |       |       |       |       |     4 |       |       |       ||     4
       Aura of Abjuratio |       |       |       |       |       |     1 |       |    19 |     7 ||    27
       Borgnjor's Vile C |       |       |       |       |       |       |    51 |    53 |    72 ||   176
       Controlled Blink  |       |       |       |       |       |       |       |     2 |     1 ||     3
       Passage of Golubr |       |       |       |       |       |       |       |     6 |    77 ||    83
       Apportation       |       |       |       |       |       |       |       |       |    57 ||    57
       Ignition          |       |       |       |       |       |       |       |       |    19 ||    19
       Lesser Beckoning  |       |       |       |       |       |       |       |       |    14 ||    14
       Passwall          |       |       |       |       |       |       |       |       |    13 ||    13
Invok: Bend Time         |       |       |       |     1 |       |       |       |       |       ||     1
       Slouch            |       |       |       |     1 |     5 |     4 |    14 |    22 |    23 ||    69
       Temporal Distorti |       |       |       |       |       |       |       |       |     1 ||     1
 Abil: End Transformatio |       |       |     3 |    11 |     9 |     8 |     5 |    22 |     9 ||    67
       Evoke Invisibilit |       |       |       |       |     2 |     1 |       |       |       ||     3
Evoke: Wand              |       |       |     6 |    26 |    21 |    13 |    13 |     5 |     7 ||    91
       Lightning rod     |       |       |       |       |     3 |       |       |       |       ||     3
       Staff of energy   |       |       |       |       |       |       |       |    26 |    19 ||    45
       Figurine of a zig |       |       |       |       |       |       |       |     1 |       ||     1
  Use: Potion            |     1 |       |       |     4 |     7 |     9 |     6 |    11 |     9 ||    47
       Scroll            |     1 |     1 |    15 |    12 |     9 |     9 |     6 |    25 |    26 ||   104
 Stab: Sleeping          |       |     1 |    11 |     8 |    11 |    10 |     5 |     3 |    11 ||    60
       Distracted        |       |       |     2 |     3 |     1 |     9 |     5 |     1 |     1 ||    22
       Confused          |       |       |       |     3 |       |       |       |       |       ||     3
       Paralysed         |       |       |       |     2 |     5 |     1 |       |       |       ||     8
       Invisible         |       |       |       |       |     1 |     4 |       |       |       ||     5
  Eat: Chunk             |       |       |     8 |    14 |     4 |     3 |       |       |       ||    29
       Ration            |       |       |     1 |     1 |     3 |     4 |     3 |     3 |     4 ||    19
Armor: Robe              |     4 |       |     4 |       |       |       |       |       |       ||     8
       Skin              |     3 |     3 |    49 |    47 |   213 |   255 |   258 |   174 |   259 ||  1261
       Troll leather arm |       |       |       |    61 |     8 |     3 |     2 |     1 |     1 ||    76
Dodge: Dodged            |    43 |    29 |   144 |   420 |   680 |   967 |   808 |   635 |   855 ||  4581
Block: Buckler           |       |       |     2 |    56 |   291 |   422 |   358 |   293 |   343 ||  1765
       Shield            |       |       |       |       |       |       |       |       |   137 ||   137
       Rpst.: Eudemon blade |       |       |       |       |       |       |     1 |       |       ||     1

Table legend:
 A = Turns spent in this place as a percentage of turns spent in the entire game.
 B = Non-inter-level travel turns spent in this place as a percentage of non-inter-level travel turns spent in the entire game.
 C = Inter-level travel turns spent in this place as a percentage of turns spent in this place.
 D = Turns resting spent in this place as a percentage of non-inter-level travel turns spent in this place.
 E = Turns spent auto-exploring this place as a percentage of non-inter-level travel turns spent in this place.
 F = Non-inter-level travel turns spent in this place divided by the number of levels of this place that you've seen.
                   A       B       C       D       E      F
               +-------+-------+-------+-------+-------+----------------------
         Total | 100.0 | 100.0 |   0.3 |   0.0 |   0.0 | 178.7
       Dungeon |  27.7 |  27.5 |   1.0 |   0.0 |   0.0 | 284.7
        Temple |   0.5 |   0.5 |   0.0 |   0.0 |   0.0 |  72.0
          Lair |   6.5 |   6.5 |   0.0 |   0.0 |   0.0 | 169.3
        Shoals |   9.0 |   9.0 |   0.4 |   0.0 |   0.0 | 350.5
   Spider Nest |   5.5 |   5.5 |   0.0 |   0.0 |   0.0 | 215.5
    Slime Pits |   4.8 |   4.8 |   0.0 |   0.0 |   0.0 | 148.4
  Orcish Mines |   6.3 |   6.3 |   0.0 |   0.0 |   0.0 | 491.5
        Vaults |   8.1 |   8.1 |   0.0 |   0.0 |   0.0 | 252.2
         Crypt |   4.4 |   4.4 |   0.0 |   0.0 |   0.0 | 229.3
          Tomb |  10.5 |  10.5 |   0.0 |   0.0 |   0.0 | 546.3
        Depths |   3.9 |   3.9 |   0.0 |   0.0 |   0.0 | 120.4
          Hell |   0.8 |   0.8 |   0.0 |   0.0 |   0.0 | 125.0
      Tartarus |   0.3 |   0.3 |   0.0 |   0.0 |   0.0 |  40.0
         Abyss |   1.3 |   1.3 |   0.0 |   0.0 |   0.0 |  98.5
      Ziggurat |   7.2 |   7.2 |   0.0 |   0.0 |   0.0 |  40.0
         Sewer |   1.7 |   1.7 |   0.0 |   0.0 |   0.0 | 272.0
        Bailey |   1.7 |   1.7 |   0.0 |   0.0 |   0.0 | 259.0
               +-------+-------+-------+-------+-------+----------------------

Table legend:
 A = Kills in this place as a percentage of kills in entire the game.
 B = Kills by you in this place as a percentage of kills by you in the entire game.
 C = Kills by friends in this place as a percentage of kills by friends in the entire game.
 D = Other kills in this place as a percentage of other kills in the entire game.
 E = Experience gained in this place as a percentage of experience gained in the entire game.
 F = Experience gained in this place divided by the number of levels of this place that you have seen.
                   A       B       C       D       E      F
               +-------+-------+-------+-------+-------+----------------------
         Total | 100.0 | 100.0 | 100.0 | 100.0 | 100.0 | 16962.4
       Dungeon |  12.0 |  12.2 |  10.0 |   0.0 |   2.7 | 2618.9
          Lair |   4.2 |   4.5 |   0.0 |   0.0 |   1.7 | 4096.0
        Shoals |   5.3 |   4.7 |  14.6 |   0.0 |   4.1 | 15126.2
   Spider Nest |   8.2 |   7.1 |  26.2 |   0.0 |   4.2 | 15643.8
    Slime Pits |   3.2 |   3.1 |   4.6 |   0.0 |   4.6 | 13569.4
  Orcish Mines |   6.6 |   6.2 |  12.3 |  14.3 |   0.8 | 5716.0
        Vaults |  13.9 |  13.9 |  13.8 |  14.3 |  18.4 | 54289.8
         Crypt |   5.8 |   6.0 |   0.0 |  28.6 |   6.8 | 33220.3
          Tomb |  11.1 |  11.3 |   8.5 |   0.0 |  18.7 | 91852.3
        Depths |   2.8 |   3.0 |   0.0 |  14.3 |   5.7 | 16695.2
          Hell |   3.7 |   4.0 |   0.0 |   0.0 |   3.7 | 54691.0
      Tartarus |   1.3 |   1.4 |   0.0 |   0.0 |   2.1 | 30643.0
         Abyss |   2.0 |   2.1 |   0.0 |   0.0 |   1.4 | 10473.5
      Ziggurat |  16.6 |  17.4 |   2.3 |  28.6 |  25.1 | 13229.3
         Sewer |   2.1 |   1.9 |   6.2 |   0.0 |   0.0 | 163.0
        Bailey |   1.2 |   1.2 |   1.5 |   0.0 |   0.2 | 2498.0
               +-------+-------+-------+-------+-------+----------------------

Vault maps used:
D:1:      matt_arrival_refuge, minmay_tree_intersection,
          hangedman_decor_slide_cut
D:2:      lemuel_round_altar
D:3:      minmay_crystal_room, uniq_grinder
D:5:      temple_hall, first_ration
D:6:      lemuel_coloured_pillars_altar, portal_sewer_entry_f
D:7:      lemuel_round_altar, nemelex_xobeh_ov_fountains_minmay,
          lemuel_doored_altar
D:8:      grunt_qazlal_sundering, hangedman_little_slice_of_home
D:9:      erik_lair_island, uniq_grum, uniq_joseph
D:10:     serial_co_window_serial, co_window_paths_a,
          co_window_of_opportunity_a, co_window_paths_b, co_window_paths_a,
          co_window_paths_a, co_window_corner_a, co_window_paths_c,
          co_window_broadway_b, co_window_broadway_c, co_window_broadway_c,
          glass_columns_b, glass_columns_b, glass_columns_a, glass_columns_a,
          glass_columns_b, serial_shops, shop, shop, nicolae_shop_statue_plus
D:11:     orc_0_dummy, basic_altar, serial_shops, nicolae_shop_waterfront
D:12:     uniq_azrael
D:13:     lightli_vaults_fourway_checkpoint, nicolae_ru_path_of_blood
D:14:     uniq_roxanne
D:15:     gammafunk_depths_entry_grave, nicolae_trove_entry_diagonal,
          hangedman_decor_push
Temple:   nicolae_temple_elliptical
Lair:1:   grunt_forest_stairs_basic, lemuel_old_faithful, grunt_megastairs_4
Lair:2:   uniq_erica
Lair:3:   grunt_megastairs_1
Lair:4:   minmay_shoals_entry_beasts, nicolae_spider_entry_non_spiders,
          serial_bayou_shore_a
Lair:5:   minivault_25, st_stairs_7, grunt_megastairs_3
Lair:6:   cheibrodos_lair_end_hotspot, dpeg_slime_entry_enclosed_altar
Shoals:1: hangedman_shoal_volcano
Shoals:4: shoals_end_hangedman, shoal_ilsuiw, uniq_bai_suzhen
Spider:1: spider_trap, worms_lemuel
Spider:2: nicolae_spider_mines_1, uniq_arachne
Spider:3: spiders_nest_a, spiders_nest_hornet_nest
Spider:4: grunt_spider_rune_circles, uniq_donald
Slime:2:  cheibrodos_slime_lost_civilization_9
Orc:1:    basic_altar, enter_bailey_2
Orc:2:    grunt_orc_community_town_hall, grunt_orc_community_big_house_1,
          grunt_orc_community_big_house_2, grunt_orc_community_house_2,
          grunt_orc_community_house_3, grunt_orc_community_house_1,
          grunt_orc_community_house_1, grunt_orc_community_house_3,
          grunt_orc_community_house_1
Vaults:1: grunt_vaults_trifunnel, ontoclasm_vaults_gateway,
          vaults_dpeg_diagonal, hangedman_vaults_trim,
          nicolae_vaults_hallways_thing, hangedman_vaults_trim,
          nicolae_vaults_shelves_hall, v_misc_28, v_misc_25,
          hangedman_vaults_slice, v_pattern_3, v_alt_pattern_1, st_squares,
          nicolae_vaults_ring_of_whatevers
Vaults:2: vaults_standard_mumra_lines, v_misc_29, v_misc_19, vaults_mumra_hex,
          hangedman_vaults_nails, vaults_dpeg_doors, v_pattern_1,
          st_spiral_rooms, vaults_mumra_minichess_inversion,
          vaults_room_hallway, ontoclasm_vaults_ring_large,
          vaults_dpeg_encased_lava, nicolae_vaults_big_angled_halls,
          vaults_room_stairs_pillars, hangedman_vaults_corner_blocks,
          nicolae_vaults_little_squares_2, serial_shops, shop
Vaults:3: nicolae_vaults_little_squares_1, v_misc_32,
          nicolae_vaults_fighting_squares, ontoclasm_vaults_pinch,
          dpeg_vaults_monster_box, nicolae_vaults_specimen_jars,
          hangedman_vaults_snaps, v_misc_14, vaults_standard_mumra_x
Vaults:4: nicolae_vaults_little_squares_1, nicolae_vaults_asterisk,
          ontoclasm_vaults_ligature, hangedman_vaults_nodes,
          nicolae_vaults_inception_scallops, nicolae_vaults_little_squares_4,
          v_misc_17, nicolae_vaults_arrows, v_misc_8, v_misc_25,
          vaults_room_fancy_cross, vaults_room_grunt_arrival_ludios, v_misc_18,
          ontoclasm_vaults_loading_screen, nicolae_vaults_murderbox, v_rooms_4,
          vaults_room_hallway
Vaults:5: serial_shops
Crypt:1:  uniq_khufu
Crypt:3:  evilmike_haunted_forest, uniq_mennas
Tomb:1:   uniq_sojobo, uniq_boris
Tomb:2:   uniq_jorgrun
Depths:1: pf_coc_iceberg, minmay_misc_feat_enclosed, abyss_entry, nrook_uturn,
          kennysheep_nub, kennysheep_generic_room_11, uniq_enchantress
Depths:2: four-leaf_vault, pf_vacation_house_of_asmodeus, solitary_fountain,
          serial_shops, nicolae_shop_waterfront, shop,
          nicolae_shop_behind_doors, nicolae_shop_trees
Depths:3: vault_1, rand_demon_pan_entry_4, hell_entry,
          infiniplex_staircase_pool_2
Depths:4: kennysheep_funnel, moated_statue, abyss_entry_crystal,
          grunt_hell_entry_dis_old, hangedman_summoners_spam,
          minmay_staircase_statues_hall_small
Depths:5: evilmike_zot_entry_hall, enter_ziggurat_e, minmay_hedge_maze,
          hell_entry, pan_entry, minmay_misc_feat_five, hangedman_decor_lopped
Abyss:3:  hangedman_grunt_abyss_rune_horror_hoard
Abyss:4:  hangedman_abyss_monster_moat, grunt_abyss_rune_wretched_hive
Zig:8:    ziggurat_pillar_centre_dead_trees
Zig:9:    ziggurat_pillar_centre_smoke
Zig:10:   ziggurat_pillar_centre_c
Zig:14:   ziggurat_pillar_centre_oklobs
Sewer:    sewer_minmay_treatment
Bailey:   bailey_axe_bossmonster_kennysheep, bailey
